Cogmind - Beta 16.1 @@@ ROGUE MODE // 2026.04.19 @ 11:03:43 Player: Dosh Result: Escaped! Performance ------------- Evolutions (9) 4500 Regions Visited (26) 5200 Robots Destroyed (581) 2905 Value Destroyed (28841) 28841 Prototype IDs (148) 2960 Alien Tech Used (2) 400 Bonus (21706) 21706 TOTAL SCORE: 66512 Bonus ------- Triggered High Security 500 High Alert Combat Kills 11720 Follower Combat Kills 2269 Hunted by Unchained 500 Network Hubs Disabled 400 Met Data Miner 300 Met Zhirov 300 Built Enhanced Grunts 300 A7 Reached Mainframe 300 Met R17 at Cetus 500 Met R17 at Research 2000 Scanned by Researcher 500 Win 3000 Friendly Fire -883 Cogmind --------- Core Integrity 60/1600 Matter 300/300 Energy 2488/2553 System Corruption 29% Temperature Critical (1240) Movement Treading (74) Location To Epsilon Eridani Parts ------- > --- POWER (3) -------- Multi-Quantum Reactor > --- PROPULSION (6) --- Treaded Siege-Armored Exoskeleton > --- UTILITY (13) ----- Armored Scrap Engine Advanced Cryofiber Web Concept Phasing Heat Sink Huge Storage Unit Concept Core Analysis Suite Concept Core Analysis Suite Concept Cloak Mesh (fused) SHELL Armor Improved Force Field > --- WEAPON (3) ------- Cooled Directed Potential Cannon (fused) > --- INVENTORY (25) --- Light Quantum Reactor Biometal Heavy Treads Heavy Shield Leg Compact Matter Pod (150) Concept Networked Targeting System Energy Filter Energy Filter Launcher Loader Concept Cloak Mesh Graphene Brace Experimental Focal Shield Advanced Force Field Advanced Remote Force Field Transdimensional Reconstructor Concept Navigation Harness Enhanced Nova Cannon Concept Plasma Driver Concept Plasma Driver Gamma Bomb Array Gamma Bomb Array Neutron Missile Launcher Peak State ------------ > --- POWER ------------ Multi-Quantum Reactor > --- PROPULSION ------- Treaded Siege-Armored Exoskeleton Experimental Surge Thruster > --- UTILITY ---------- Armored Scrap Engine Concept Phasing Heat Sink Huge Storage Unit Long-range IFF Parser Concept Core Analysis Suite Experimental Kinecellerator Concept Cloak Mesh Concept Cloak Mesh SHELL Armor AEGIS Remote Shield > --- WEAPON ----------- Hpw. Energy Caster Construct/G Hpw. Kinetic Helical Construct/C Burst Energy Gamma Construct/G > --- INVENTORY -------- Concept Zero-point Core Advanced Cryofiber Web Concept Thermoelectric Network Concept Hypertargeting System Concept Countertargeting System Concept Networked Targeting System Concept Core Analysis Suite Femtoactuators Graphene Brace System Mapper Crosscalibrator Transdimensional Reconstructor Subatomic Replicator Concept Navigation Harness Concept Plasma Driver Concept Plasma Driver Cooled Directed Potential Cannon Gamma Bomb Array Experimental Jetlance [Rating: 267] Favorites ----------- Power Constructs Engine Cooled Ion Engine Reactor Constructs Propulsion Constructs Treads Constructs Leg Improved Thunder Leg Wheel Subdweller Monowheel Flight Unit Q-thruster Utility Armored Scrap Engine Device Armored Scrap Engine Storage Large Storage Unit Processor Concept Core Analysis Suite Hackware Hacking Suite Protection Improved Medium Armor Plating Weapon Constructs Energy Gun Constructs Energy Cannon Advanced Beam Cannon Ballistic Gun Assault Rifle Ballistic Cannon Constructs Launcher Improved Grenade Launcher Impact Weapon Power Maul Slashing Weapon Axe Piercing Weapon Experimental Jetlance Special Melee Weapon Improved Datajack Build | -11 -10 -10 -8 -8 -8 -6 -6 -6 -6 -5 -5 -5 -5 -5 -5 -4 -4 -4 -4 -3 -3 -3 -2 -2 -2 -1 ------- Run | Yrd Mat Sub Mat Sto Rec Fac Low Low Dat Pro Fac Ext Cet Arc Hub Fac Upp Upp Zhi Pro Res Qua Res Tes Frg Acc Slots Evolved 18 | . . . 4 . . 4 . . . . 2 . . . . 2 . . . . 2 . 2 . . 2 Power 2 | . . . . . . 1 . . . . . . . . . . . . . . 1 . . . . . Propulsion 4 | . . . 1 . . 1 . . . . 1 . . . . 1 . . . . . . . . . . Utility 11 | . . . 2 . . 2 . . . . 1 . . . . 1 . . . . 1 . 2 . . 2 Weapon 1 | . . . 1 . . . . . . . . . . . . . . . . . . . . . . . Parts Attached 194 | 6 5 13 25 18 5 6 1 1 . 1 4 6 2 2 6 12 1 4 5 7 13 2 7 6 19 17 Power 11 | 1 1 2 2 2 . . . . . . . . . . . 2 . . 1 . . . . . . . Engine 8 | 1 1 2 2 2 . . . . . . . . . . . . . . . . . . . . . . Core . | . . . . . . . . . . . . . . . . . . . . . . . . . . . Reactor 3 | . . . . . . . . . . . . . . . . 2 . . 1 . . . . . . . Propulsion 29 | 2 . 3 8 5 3 . . . . . . . . . . . . . 1 . 3 . 1 . 1 2 Treads 19 | 2 . 2 8 5 1 . . . . . . . . . . . . . . . 1 . . . . . Leg 3 | . . . . . . . . . . . . . . . . . . . . . 1 . . . . 2 Wheel 3 | . . 1 . . 2 . . . . . . . . . . . . . . . . . . . . . Hover . | . . . . . . . . . . . . . . . . . . . . . . . . . . . Flight 4 | . . . . . . . . . . . . . . . . . . . 1 . 1 . 1 . 1 . Utility 105 | 1 2 2 7 1 1 5 1 1 . 1 1 6 2 2 5 6 . 4 3 6 7 2 6 6 14 13 Device 68 | . . 1 2 . 1 2 1 1 . . 1 3 . 1 4 4 . 2 2 4 5 2 5 6 10 11 Storage 9 | 1 1 . . . . . . . . . . 1 1 . . . . 1 . 1 2 . . . . 1 Processor 10 | . 1 . . . . . . . . . . . . . . 2 . 1 . 1 . . 1 . 3 1 Hackware 5 | . . . 1 . . 1 . . . . . . . 1 1 . . . 1 . . . . . . . Protection 13 | . . 1 4 1 . 2 . . . 1 . 2 1 . . . . . . . . . . . 1 . Artifact . | . . . . . . . . . . . . . . . . . . . . . . . . . . . Weapon 49 | 2 2 6 8 10 1 1 . . . . 3 . . . 1 4 1 . . 1 3 . . . 4 2 Energy Gun 7 | 1 . . . 4 . . . . . . . . . . . 1 . . . . . . . . 1 . Energy Cannon 20 | . . 3 5 4 . 1 . . . . 3 . . . . . . . . . 1 . . . 1 2 Ballistic Gun 10 | 1 2 2 1 1 . . . . . . . . . . . 2 . . . . . . . . 1 . Ballistic Cannon 3 | . . 1 . . . . . . . . . . . . . . 1 . . . 1 . . . . . Launcher 5 | . . . 1 1 . . . . . . . . . . 1 1 . . . . 1 . . . . . Special Weapon . | . . . . . . . . . . . . . . . . . . . . . . . . . . . Impact Weapon 1 | . . . . . . . . . . . . . . . . . . . . 1 . . . . . . Slashing Weapon 1 | . . . . . 1 . . . . . . . . . . . . . . . . . . . . . Piercing Weapon 1 | . . . . . . . . . . . . . . . . . . . . . . . . . 1 . Special Melee Weapon 1 | . . . 1 . . . . . . . . . . . . . . . . . . . . . . . Unidentified Prototypes 28 | . . . . 4 1 1 . . . . . 1 2 . 1 1 . . 4 3 3 . . 1 5 1 Corrupted Parts 1 | . . . . . . . . . . . . . . . . . . . . . . . . . 1 . System Corruption 5 | . . . . . . . . . . . . . . . . . . . . . . . . . 5 . Parts Lost 53 | . . 4 . 1 . 1 2 . . . 1 1 1 . 13 10 1 . . 2 . . 1 3 5 7 Power 5 | . . 1 . . . . . . . . . . . . 2 2 . . . . . . . . . . Propulsion 7 | . . 2 . . . . . . . . . . . . 2 2 . . . . . . . . . 1 Utility 26 | . . . . 1 . 1 . . . . 1 1 . . 5 3 1 . . 1 . . 1 2 4 5 Weapon 15 | . . 1 . . . . 2 . . . . . 1 . 4 3 . . . 1 . . . 1 1 1 Highest Loss Streak 12 | . . 2 . 1 . 1 1 . . . 1 1 1 . 12 7 1 . . 2 . . 1 3 2 4 To Critical Strikes 1 | . . . . . . . . . . . . . . . . 1 . . . . . . . . . . Average Backups 13 | . 7 12 13 12 11 11 11 13 13 13 13 13 14 14 13 3 3 4 5 5 10 19 20 20 22 15 Power . | . 1 2 1 . . . 1 1 1 1 1 1 1 1 1 . . . . . . 1 1 . . . Propulsion 1 | . 1 3 2 2 1 1 2 2 2 2 2 1 1 1 1 . . . . . 1 1 1 1 1 . Utility 7 | . 1 1 5 5 5 7 7 9 10 10 8 7 8 8 8 2 3 4 4 4 7 13 14 14 15 8 Weapon 2 | . 2 3 3 3 4 2 1 . . . 1 3 4 4 2 . . . . . . 2 2 1 2 4 Tool/Special . | . . . . . . . . . . . . . . . . . . . . . . . . . . . Unused Backups 74 | . 3 . 7 1 3 1 . . . . 1 2 2 . 4 1 2 . 1 . 1 1 . 3 22 19 Power 9 | . . . 2 1 . . . . . . . . 1 . . . 1 . . . . . . . 2 2 Propulsion 10 | . . . 2 . 1 . . . . . 1 1 . . . 1 . . . . . . . . 2 2 Utility 36 | . . . 1 . . . . . . . . 1 1 . 4 . . . 1 . 1 1 . 3 14 9 Weapon 17 | . 3 . 1 . 2 1 . . . . . . . . . . 1 . . . . . . . 4 5 Tool/Special 2 | . . . 1 . . . . . . . . . . . . . . . . . . . . . . 1 Average Slot Usage (%) 67 | . 99 99 97 94 79 64 61 63 66 66 62 58 52 51 51 43 21 25 43 53 62 61 64 62 55 52 Engine 4 | . 14 13 9 9 8 5 5 6 6 4 . . . . . . . . . . . . . . . . Reactor 1 | . . . . . . . . . . . . . 3 5 1 2 . . 2 7 6 4 4 4 4 2 Treads 8 | . 28 26 27 26 13 1 . . . . . . . 3 . 2 . . . . 1 . . . . 1 Leg 1 | . . . . . . 3 . . . 4 3 4 . . 3 . . . . . 2 . . 1 . 2 Flight 1 | . . . . . . . . . . . . . 4 . . . . 4 5 4 1 9 8 4 3 . Device 15 | . . 13 7 8 14 9 12 19 20 15 14 17 17 16 16 18 10 11 17 19 18 19 21 22 24 23 Storage 6 | . 14 14 9 9 9 5 5 6 6 6 5 5 5 5 4 . . . . 1 4 4 4 4 4 4 Processor 3 | . 13 . . . . . . . . . . . . . . 1 5 7 10 10 9 9 12 13 1 7 Hackware 2 | . . . 2 . . 4 5 6 6 6 5 5 5 5 4 5 . . 2 5 4 4 4 2 . . Protection 4 | . . . 15 13 7 5 5 . . 4 7 4 5 5 4 3 . . . . . . . . 3 4 Energy Gun 4 | . 2 . . 4 19 5 4 8 6 6 4 1 . . . . . 1 . 2 . . . 1 3 . Energy Cannon 4 | . . 3 21 21 . 9 . . . . 2 5 3 3 1 2 . . 4 . 4 9 1 . . 3 Ballistic Gun 3 | . 25 20 4 . 2 7 7 3 6 6 5 1 . . . 1 . . . . . . . . 4 . Ballistic Cannon 1 | . . 4 . . . . . . . . . 2 2 1 3 2 . . . . 3 . 6 5 1 . Peak Build Rating 267 | 6 10 16 33 40 53 87 87 78 77 77 95 96 102 108 112 120 67 80 102 122 167 174 190 194 247 267 Average Rating 107 | 4 9 12 29 34 42 69 72 76 77 74 86 90 91 105 103 88 61 67 90 105 148 171 185 183 211 255 On Entrance 86 | . 6 10 14 32 40 45 87 76 77 77 76 89 84 98 108 53 62 60 74 101 109 167 174 189 177 247 Avg Prop Armor Cover (%) 21 | . . 10 . . 12 . . . . . . . . . 35 33 39 39 35 . 6 . . . 1 1 Naked Turns . | . . . . . . . . . . . . . . . . . . . . . . . . . . . Heaviest Build 296 | 11 31 42 55 58 51 51 50 50 44 55 64 61 63 62 95 57 12 10 31 53 184 184 186 192 210 296 Greatest Support 294 | 40 40 40 60 60 77 143 117 117 117 117 112 167 114 150 116 48 3 126 126 180 218 218 219 214 259 294 Greatest Overweight (x) 3 | 1 . 1 . . 2 . . . . . . . 1 1 1 3 3 3 3 . . . . . 1 1 Average Overweight (x) . | . . . . . . . . . . . . . . . . . . . 1 . . . . . . . Largest Inventory Capacity 35 | 8 15 15 15 15 15 15 15 15 15 15 15 15 15 15 15 5 5 35 5 10 25 25 25 25 25 25 Average Capacity 16 | 6 9 15 15 15 15 15 15 15 15 15 15 15 15 15 14 5 5 5 5 6 15 25 25 25 25 25 Most Carried 25 | 1 10 15 15 15 15 14 14 15 14 14 15 15 15 15 15 5 5 5 5 10 17 25 24 25 25 25 Average Carried 14 | . 7 12 14 14 13 12 12 14 14 14 14 14 14 14 14 3 3 4 4 6 11 22 23 23 24 18 Final Capacity 25 | 8 15 15 15 15 15 15 15 15 15 15 15 15 15 15 5 5 5 5 5 10 25 25 25 25 25 25 Final Carried 25 | 1 10 15 15 15 12 14 12 14 14 14 15 15 15 14 5 5 5 5 5 10 17 25 24 22 24 25 Scrap Engine Consumption 426 | . . . . . 60 28 8 2 . 12 12 35 12 15 18 28 4 10 4 11 51 7 9 17 59 24 Constructs Created 18 | . . . . . 5 1 . . . . . . . . . 2 . 1 1 1 4 . . . 3 . Constructs Modified 152 | . . . . . 14 10 4 1 . 5 5 15 5 9 6 8 . 3 1 5 15 1 6 10 21 8 Class Distribution -------------------- 31% | Construct 19% | Mutant 15% | Tank 14% | Commander-Construct 10% | Gunner 3% | Commander-Tank Dominant Class ---------------- Mutant | -10/Materials Mutant | -10/Subcaves Tank | -8/Materials Commander-Tank | -8/Storage Commander-Construct | -8/Recycling Construct | -6/Factory Construct | -6/Lower Caves Construct | -6/Lower Caves Construct | -6/Data Miner Construct | -5/Proximity Caves Construct | -5/Factory Commander-Construct | -5/Extension Commander-Construct | -5/Cetus Commander-Construct | -5/Archives Construct | -5/Hub_04(d) Mutant | -4/Factory Mutant | -4/Upper Caves Mutant | -4/Upper Caves Mutant | -4/Zhirov Mutant | -3/Proximity Caves Construct | -3/Research Construct | -3/Quarantine Construct | -2/Research Construct | -2/Testing Construct | -2/Protoforge Gunner | -1/Access Resources | -11 -10 -10 -8 -8 -8 -6 -6 -6 -6 -5 -5 -5 -5 -5 -5 -4 -4 -4 -4 -3 -3 -3 -2 -2 -2 -1 ----------- Run | Yrd Mat Sub Mat Sto Rec Fac Low Low Dat Pro Fac Ext Cet Arc Hub Fac Upp Upp Zhi Pro Res Qua Res Tes Frg Acc Matter Collected 8822 | 145 554 490 566 310 63 170 285 83 . 40 191 128 197 124 678 152 65 30 126 201 500 . 398 901 1561 864 Remotely . | . . . . . . . . . . . . . . . . . . . . . . . . . . . Salvage Created 29508 | . 919 401 1900 1817 642 902 376 167 . 227 499 723 306 585 1479 379 16 . 171 442 560 . 551 1084 3707 11655 Parts 1206 | . 53 19 100 83 34 32 16 3 . 11 21 20 9 26 70 23 2 . 4 9 16 . 52 46 218 339 Haulers Intercepted 20 | . 2 . 3 2 . 3 . . . . . . . . 2 1 . . . . 2 . . . . 5 Recyclers Shooed 9 | . . . 1 1 1 2 . . . . 1 . . . . . . . . . . . . . . 3 Parts Field Recycled . | . . . . . . . . . . . . . . . . . . . . . . . . . . . Retrieved Matter . | . . . . . . . . . . . . . . . . . . . . . . . . . . . Parts Self-Destructed 39 | . . 11 . . . . 10 2 . 2 . . . . . . 8 . 2 4 . . . . . . Prevented 1 | . . . . . . . . . . . . . . . . . 1 . . . . . . . . . Parts Restored 7 | . . . . . . . . . . . . . . . . . . . . . . . . . 5 2 Faulty 7 | . . . . . . . . . . . . . . . . . . . . . . . . . 5 2 Kills | -11 -10 -10 -8 -8 -8 -6 -6 -6 -6 -5 -5 -5 -5 -5 -5 -4 -4 -4 -4 -3 -3 -3 -2 -2 -2 -1 ------- Run | Yrd Mat Sub Mat Sto Rec Fac Low Low Dat Pro Fac Ext Cet Arc Hub Fac Upp Upp Zhi Pro Res Qua Res Tes Frg Acc Combat Hostiles Destroyed 422 | . 19 9 25 32 10 13 16 . . 3 10 9 3 2 12 6 2 . . 3 7 . 10 14 53 164 Melee 5 | . . . 2 . . . . . . . . . . . . . . . . 1 . . . . . 2 Guns 98 | . 19 6 6 . 10 6 1 . . 1 4 3 . . . 3 . . . . . . . . 33 6 Cannons 166 | . . 3 16 27 . 7 1 . . . . 5 3 2 12 3 2 . . . 4 . 9 14 5 53 AOE 120 | . . . . 4 . . 14 . . 2 5 . . . . . . . . . 3 . . . 12 80 Classes Destroyed 27 | . 8 1 4 2 1 1 1 . . . . . . . . 1 . . . . . . . 2 3 3 Worker 51 | . 2 . 2 1 . . . . . . . . . . 13 1 . . . . 1 . 2 2 1 26 Builder 30 | . . . 2 . 2 . . . . . . . . . 4 . . . . . . . . 1 . 21 Hauler 20 | . 2 . 3 2 . 3 . . . . . . . . 2 1 . . . . 2 . . . . 5 Recycler 23 | . 2 . 4 1 2 1 . . . . 1 1 . . 1 . . . . . . . . 1 . 9 Carrier 10 | . . . . . . . . . . . . . . . . . . . . . . . . . . 10 Mechanic 13 | . 1 . 1 1 . . . . . . . . . . . . . . . 1 . . . . . 9 Operator 10 | . 2 . 2 1 . . . . . . . . . 4 . . . . . . . . . 1 . . Drone 10 | . . . . . . . . . . . . . . . . . . . . . . . . . 8 2 Watcher 15 | . 2 . 5 2 . . . . . . . . 1 . 1 . . . . . . . 3 1 . . Swarmer 44 | . 9 . . . . 6 10 . . 2 5 1 . . . . 2 . . . 4 . . 2 . 3 Cutter 6 | . . . . . . . . . . . . . . . . 3 . . . . . . 3 . . . Saboteur 5 | . . . . . . . . . . . . . . . . . . . . . . . . . . 5 Grunt 136 | . 10 . 12 15 . 4 3 . . . 2 5 . . 4 1 . . . . 1 . . 4 . 75 Brawler 15 | . . . 1 2 . . 1 . . . . . . . 1 . . . . . . . . . . 10 Duelist 13 | . . . . . 1 1 . . . . 1 . . . . . . . . . . . . . . 10 Protector 14 | . . . . 1 1 . . . . . . . . . 1 . . . . . . . . . . 11 Researcher 4 | . . . . . . . . . . . . . . . . . . . . . . . . 2 2 . Sentry 47 | . . . 8 11 1 1 2 . . 1 1 3 . 2 1 . . . . . 1 . . 1 11 3 Demolisher 1 | . . . . 1 . . . . . . . . . . . . . . . . . . . . . . Hunter 20 | . . . 4 2 . . . . . . . . . . . . . . . . 1 . . 2 3 8 Programmer 55 | . . . . . . 1 . . . . 1 . . . 4 2 . . . 3 . . 7 4 12 21 Q-Series 5 | . . . . . . . . . . . . . . . . . . . . . . . . . 2 3 Cetus Guard 3 | . . . . . . . . . . . . . 3 . . . . . . . . . . . . . Lightning 1 | . . . . . . . . . . . . . . . 1 . . . . . . . . . . . Hotshot 4 | . . . . . . . . . . . . . . . . . . . . . . . . . 4 . Decapitator 9 | . . . . . . . . . . . . . . . . . . . . . . . . . 9 . Immortal 2 | . . . . . . . . . . . . . . . . . . . . . . . . . 2 . Investigator 2 | . . . . . . . . . . . . . . . . . . . . . . . . . . 2 Striker 2 | . . . . . . . . . . . . . . . . . . . . . . . . 1 . 1 Executioner 12 | . . . . . . . . . . . . . . . . . . . . . . . . . . 12 Alpha 7 2 | . . . . . . . . . . . . . . . . . . . . . . . . . 2 . Subdweller 16 | . . 9 . . 7 . . . . . . . . . . . . . . . . . . . . . Decomposer 3 | . . . . . . . . 3 . . . . . . . . . . . . . . . . . . Samaritan 6 | . . . . . . . 2 1 . 3 . . . . . . . . . . . . . . . . Thug 3 | . . . . . . . . . . . . 1 . 2 . . . . . . . . . . . . Savage 2 | . . . . . . . . . . . . . . 2 . . . . . . . . . . . . Guerrilla 3 | . . . . . . . . . . . . . 1 2 . . . . . . . . . . . . Best Kill Streak 25 | . 7 3 4 5 3 3 7 1 . 2 6 2 3 3 19 3 2 . . 1 4 . 3 5 6 25 Combat Bots Only 19 | . 7 3 4 4 2 3 7 . . 2 6 2 2 1 4 3 2 . . 1 4 . 3 3 6 19 Max Kills in Single Turn 10 | . 2 1 1 2 2 3 4 1 . 2 4 1 1 1 10 1 1 . . 1 3 . 2 1 4 6 Gunslinging 1 | . 1 . . . . . . . . . . . . . . . . . . . . . . . . . Exploded 4 | . . . . 2 . . 4 . . 2 4 . . . . . . . . . 3 . . . 4 3 Melee 1 | . . . 1 . . . . . . . . . . . . . . . . 1 . . . . . 1 Uniques/NPCs Destroyed . | . . . . . . . . . . . . . . . . . . . . . . . . . . . Combat | -11 -10 -10 -8 -8 -8 -6 -6 -6 -6 -5 -5 -5 -5 -5 -5 -4 -4 -4 -4 -3 -3 -3 -2 -2 -2 -1 -------- Run | Yrd Mat Sub Mat Sto Rec Fac Low Low Dat Pro Fac Ext Cet Arc Hub Fac Upp Upp Zhi Pro Res Qua Res Tes Frg Acc Hostile Shots Fired 3003 | . 59 38 111 114 11 110 53 6 . 37 48 68 27 6 186 346 42 21 . 121 40 6 125 166 454 808 Missed 944 | . 17 13 29 28 3 56 16 3 . 19 12 21 9 3 45 109 25 6 . 42 15 3 52 45 113 260 Intercepted 3 | . . . . . . . . . . . . . . . . . . . . . 3 . . . . . Hits 2059 | . 42 25 82 86 8 54 37 3 . 18 36 47 18 3 141 237 17 15 . 79 25 3 73 121 341 548 Melee 58 | . . . . . . . . . . . . . . . . 21 . . . . . . 8 1 17 11 Projectile 2001 | . 42 25 82 86 8 54 37 3 . 18 36 47 18 3 141 216 17 15 . 79 25 3 65 120 324 537 AOE 57 | . . . . 3 . . . . . . . 1 . . . . . . . . . . . . 4 49 Critical Strikes 139 | . . 1 6 6 . . . . . 2 2 5 3 . 17 18 . . . 8 . . 6 3 32 30 Actively Blocked 16 | . . . . . . . . . . . . . . . . . . . . . . . 2 . 14 . Part Disruptions 5 | . . . . . . . . . . . . . . . 1 . . . . . . . 2 . 1 1 Damage Taken 36732 | . 402 589 1234 1404 203 645 676 69 . 274 586 1150 404 86 4018 4598 273 279 . 1288 279 29 904 1405 5736 10201 Core 4164 | . 46 159 104 136 . 49 21 . . 27 . 156 54 . 433 538 49 33 . 78 34 . 76 267 364 1540 Absorbed by Shields 10929 | . . . . . . . 79 21 . 85 136 31 137 . . . . . . . 244 30 867 1166 4851 3282 Reduced by Siege Mode 82 | . . . . . . . . . . . . . . . . 82 . . . . . . . . . . Redirected to Shielding 161 | . . . . . . . . . . . . . . . . 161 . . . . . . . . . . Ignored by Resistances 1673 | . . . 52 . . . . . . . . . . . 273 136 . . . 554 . . . 180 478 . Regen/Repaired (Parts) 17266 | . . . . 381 30 197 137 . . 330 172 744 89 270 214 1347 . 487 . 775 364 9 47 790 4035 6848 Core Remaining (%) 54 | 100 . 18 . . 56 . . . . 88 . . . . 35 . . . . 39 . 97 . . 51 3 Volleys Fired 1340 | . 79 53 91 65 27 34 40 18 . 18 43 53 24 28 70 38 7 1 8 20 45 10 49 110 199 210 Largest 5 | . 2 2 3 3 3 5 5 2 . 2 3 3 1 1 3 2 1 1 1 1 2 1 1 2 3 3 Hottest 296 | . 60 160 211 211 183 252 222 86 . 86 186 195 66 93 165 277 55 73 69 69 217 108 170 249 296 182 Shots Fired 2440 | . 158 104 270 189 77 133 67 23 . 35 82 98 24 28 78 49 7 1 8 20 70 10 49 135 448 277 Gun 1136 | . 158 67 87 7 77 87 50 21 . 34 60 34 . . . 10 . 1 . 20 4 . . 14 337 68 Cannon 1254 | . . 37 183 179 . 46 2 . . . 20 64 24 28 74 38 7 . 8 . 65 10 49 121 90 209 Launcher 50 | . . . . 3 . . 15 2 . 1 2 . . . 4 1 . . . . 1 . . . 21 . Special . | . . . . . . . . . . . . . . . . . . . . . . . . . . . Kinetic 1045 | . 147 85 87 . 2 53 33 . . 17 40 51 24 9 67 17 7 . . . 32 10 32 133 166 33 Thermal 1267 | . . 19 183 186 75 68 15 16 . 17 30 47 . 19 7 31 . . 8 . 37 . 17 2 246 244 Explosive 28 | . . . . 3 . . 15 2 . 1 2 . . . 4 1 . . . . . . . . . . Electromagnetic 100 | . 11 . . . . 12 4 5 . . 10 . . . . . . 1 . 20 1 . . . 36 . Robot Hit Streak 31 | . 17 17 24 15 27 24 11 9 . 12 11 17 5 6 4 8 7 . 3 15 21 . 3 6 20 31 Robot Miss Streak 12 | . 3 5 4 3 2 3 2 2 . 3 2 3 2 4 6 2 1 1 2 3 4 . 4 6 12 10 Penetration Max 1 | . . . . . . . . . . . . 1 1 1 1 1 . . . . . . . . 1 1 Secondary Targets 12 | . 4 . . . 1 . . . . . . . . . . . . . . . . . . . 7 . Max Gunslinging Chain 1 | . 1 . . . 1 . . . . . . . . . . . . . . . . . . . 1 . Shots Hit Robots 1437 | . 109 44 164 108 59 70 28 15 . 23 45 70 14 19 40 29 5 . 6 32 33 . 19 57 270 178 Core Hits 867 | . 46 17 65 61 22 29 38 8 . 13 25 24 8 12 41 20 2 . 2 10 16 . 11 20 154 223 Critical Kills 34 | . 1 . 2 . . 2 . . . . 1 2 . . . . . . . 3 . . 1 . 2 20 Critical Parts Destroyed 17 | . . . 1 . . . . . . . 2 5 . . . . . . . 3 1 . . . 4 1 Critical Strikes 84 | . 1 1 3 1 6 3 1 . . 1 4 15 4 . . . . . . 6 3 . 1 1 10 23 Burn 12 | . . . . 1 6 1 1 . . 1 1 1 . . . . . . . . . . . . . . Meltdown 24 | . . . 2 . . . . . . . . 1 . . . . . . . 2 . . 1 . . 18 Destroy 25 | . 1 . 1 . . 2 . . . . 3 8 . . . . . . . . . . . . 7 3 Blast 18 | . . 1 . . . . . . . . . 5 4 . . . . . . . 2 . . 1 3 2 Smash 5 | . . . . . . . . . . . . . . . . . . . . 4 1 . . . . . Melee Attacks 36 | . . . . . 2 . . . . . . . . . . . . . . 21 11 . . . 2 . Impact 32 | . . . . . . . . . . . . . . . . . . . . 21 11 . . . . . Slashing 2 | . . . . . 2 . . . . . . . . . . . . . . . . . . . . . Piercing 2 | . . . . . . . . . . . . . . . . . . . . . . . . . 2 . Sneak Attacks 3 | . . . . . 1 . . . . . . . . . . . . . . 1 1 . . . . . Combat Hostiles . | . . . . . . . . . . . . . . . . . . . . . . . . . . . Follow-up Attacks . | . . . . . . . . . . . . . . . . . . . . . . . . . . . Damage Inflicted 103860 | . 1292 647 2995 3118 1091 1572 1972 309 . 652 1345 2383 1529 1814 5587 1143 187 . 176 1029 1656 . 2498 5410 10983 54472 Guns 16469 | . 1291 462 685 85 1004 804 361 309 . 504 626 709 . . . 149 . . . 109 31 . . 160 7423 1757 Cannons 44908 | . . 185 2204 2384 . 712 29 . . . 320 1648 1529 1814 2857 822 182 . 176 . 1307 . 2201 5079 2346 19113 Explosions 40566 | . . . . 541 . . 1582 . . 148 399 . . . 2711 82 . . . . 179 . 297 . 1214 33413 Melee 1140 | . . . . . 81 . . . . . . . . . . . . . . 920 139 . . . . . Ramming 777 | . 1 . 106 108 6 56 . . . . . 26 . . 19 90 5 . . . . . . 171 . 189 Kinetic 23330 | . 1213 514 685 . 15 520 327 . . 302 369 1148 1529 592 2805 283 182 . . . 760 . 1652 5201 4121 1112 Thermal 70690 | . . 133 2204 2469 989 772 34 248 . 202 387 1209 . 1222 94 670 . . 176 . 578 . 549 38 5545 53171 Explosive 3645 | . . . . 541 . . 1544 . . 148 399 . . . 634 82 . . . . . . 297 . . . Electromagnetic 4260 | . 78 . . . . 224 67 61 . . 190 . . . 2035 . . . . 109 179 . . . 1317 . Impact 1077 | . . . . . . . . . . . . . . . . 18 . . . 920 139 . . . . . Slashing 81 | . . . . . 81 . . . . . . . . . . . . . . . . . . . . . Piercing . | . . . . . . . . . . . . . . . . . . . . . . . . . . . Highest Corruption 81 | . 1 1 . . . 1 . . . . 2 2 2 2 34 5 5 5 5 14 . . 8 9 81 29 Average Corruption 13 | . 1 1 . . . 1 . . . . 1 1 2 1 9 1 5 5 5 10 . . 2 8 34 21 Corruption Purged 5 | . . . . . . 1 . . . . . 2 . 2 . . . . . . . . . . . . Corruption Blocked . | . . . . . . . . . . . . . . . . . . . . . . . . . . . Effects 544 | . 1 13 . . . 1 . . . . . 10 9 9 12 4 13 11 7 43 . . 2 30 188 191 Message Errors 122 | . . 2 . . . . . . . . . 2 4 1 2 . 1 2 3 14 . . 1 7 34 49 Matter Fused 107 | . . 3 . . . . . . . . . 5 3 1 3 . 3 2 1 8 . . . 5 30 43 Heat Flow Errors 71 | . . 2 . . . . . . . . . 1 . 1 1 . 2 2 2 5 . . 1 4 22 28 Energy Discharges 61 | . . 3 . . . 1 . . . . . 1 1 2 1 2 4 2 . 6 . . . 5 16 17 Parts Rejected 5 | . . . . . . . . . . . . . . . . 1 . . . 2 . . . . 1 1 Parts Fused 5 | . . . . . . . . . . . . . . . . . . . . . . . . . 2 3 Data Loss (minor) 55 | . 1 . . . . . . . . . . . 1 1 . 1 2 3 . 6 . . . 3 16 21 Data Loss (major) 18 | . . 3 . . . . . . . . . 1 . 1 1 . 1 . 1 1 . . . 1 2 6 Misfires 10 | . . . . . . . . . . . . . . . . . . . . . . . . . 3 7 Alerts 14 | . . . . . . . . . . . . . . 2 1 . . . . 1 . . . 1 1 8 Misdirections 11 | . . . . . . . . . . . . . . . . . . . . . . . . . 9 2 Weapon Failures 65 | . . . . . . . . . . . . . . . 3 . . . . . . . . 4 52 6 Overload Shots . | . . . . . . . . . . . . . . . . . . . . . . . . . . . Overflow Damage 10531 | . . . 48 24 . . 87 . . 73 12 7 40 120 341 42 22 . 33 409 163 . 662 822 8 7618 Projectiles 4560 | . . . 48 16 . . . . . . 12 3 40 120 259 42 22 . 33 . 53 . 662 798 . 2452 Explosions 5380 | . . . . 8 . . 87 . . 73 . . . . 82 . . . . . . . . . 8 5122 Melee 591 | . . . . . . . . . . . . 4 . . . . . . . 409 110 . . 24 . 44 Knockbacks 78 | . . 2 . 1 . . . . . . . 1 . 1 20 8 . . . 1 4 . 5 21 5 9 Impact 4 | . . . . 1 . . . . . . . . . . . . . . . 1 1 . . . . 1 Kinetic 64 | . . 2 . . . . . . . . . 1 . 1 16 6 . . . . 2 . 5 18 5 8 Secondary 10 | . . . . . . . . . . . . . . . 4 2 . . . . 1 . . 3 . . Self-Inflicted Damage 922 | . . . . . 3 7 32 27 . . 28 . . . 253 67 2 . . . . . 75 . 428 . Shots 48 | . . . . . . . 1 1 . . 2 . . . 6 1 . . . . . . 1 . 36 . Rammed 50 | . . . 11 14 1 2 . . . . . 1 . . . 20 1 . . . . . . . . . Targets Rammed 81 | . 1 . 18 15 1 11 . . . . . 1 . . 4 20 1 . . . . . . 6 . 3 Kicked 22 | . . . . . . 9 . . . . . . . . 4 . . . . . . . . 6 . 3 Crushed 9 | . 1 . 7 1 . . . . . . . . . . . . . . . . . . . . . . Highest Temperature 1240 | . 44 318 405 416 180 455 81 9 . 72 404 353 49 164 250 199 211 230 253 205 372 . 378 398 326 1240 Average Temperature 107 | . 9 126 102 124 58 121 15 3 . 26 95 121 22 47 60 88 107 123 145 82 85 . 117 138 93 126 Received Heat Transfer 4538 | . 129 144 513 693 60 66 72 . . 43 135 272 22 . 120 667 9 72 . . 20 4 . 52 623 822 Thermoelectric Energy+ 7588 | . . . . . . . . . . . . . . . . . . . . . . . . . . 7588 Effects 40 | . . . 3 2 . 1 . . . . 1 1 . . . . . . . . 1 . 1 2 . 28 Shutdowns 3 | . . . . . . 1 . . . . . . . . . . . . . . 1 . . 1 . . Energy Bleed 10 | . . . 1 2 . . . . . . . . . . . . . . . . . . 1 1 . 5 Interference 20 | . . . 2 . . . . . . . . 1 . . . . . . . . . . . . . 17 Matter Decay 1 | . . . . . . . . . . . 1 . . . . . . . . . . . . . . . Short Circuit 1 | . . . . . . . . . . . . . . . . . . . . . . . . . . 1 Damage (minor) 1 | . . . . . . . . . . . . . . . . . . . . . . . . . . 1 Damage (core) 4 | . . . . . . . . . . . . . . . . . . . . . . . . . . 4 Siege Activations 1 | . . . . . . . . . . . . . . . . 1 . . . . . . . . . . Total Turns 8 | . . . . . . . . . . . . . . . . 8 . . . . . . . . . . Longest Duration 8 | . . . . . . . . . . . . . . . . 8 . . . . . . . . . . Martial Activations . | . . . . . . . . . . . . . . . . . . . . . . . . . . . Shielding Activations . | . . . . . . . . . . . . . . . . . . . . . . . . . . . Robots Disrupted . | . . . . . . . . . . . . . . . . . . . . . . . . . . . Combat Hostiles . | . . . . . . . . . . . . . . . . . . . . . . . . . . . Robots Corrupted 11 | . . . . . . . . . . . 1 . . . 3 . . . . 1 1 . . 2 3 . Combat Hostiles 4 | . . . . . . . . . . . 1 . . . . . . . . . . . . . 3 . Parts Fried 29 | . 1 . . . . . 1 . . . . . . . 10 . . . . 4 2 . . 2 6 3 Impact Corruptions 20 | . . . . . . . . . . . . 1 . . . . . . . 10 3 . . 5 . 1 Robots Melted 37 | . . . 2 1 . . . . . . . 2 . . . . . . . 2 . . 1 . . 29 Combat Hostiles 29 | . . . 1 1 . . . . . . . 1 . . . . . . . 2 . . 1 . . 23 Parts Melted 87 | . . 1 8 8 6 3 1 . . . . 4 . . . . . . . 6 . . 4 . . 46 Heat Transferred 50558 | . . 185 3959 4292 2437 1332 148 518 . 518 829 1456 . 296 125 222 . . . . 557 . 222 37 2294 31131 Parts Sabotaged 1 | . . . . . . . . . . . . . . . . . . . . . . . . . . 1 Parts Stolen . | . . . . . . . . . . . . . . . . . . . . . . . . . . . Parts Stripped . | . . . . . . . . . . . . . . . . . . . . . . . . . . . Power Chain Reactions 3 | . . . . . . . 1 . . . . . . . 1 . . . . . . . . . 1 . Alert | -11 -10 -10 -8 -8 -8 -6 -6 -6 -6 -5 -5 -5 -5 -5 -5 -4 -4 -4 -4 -3 -3 -3 -2 -2 -2 -1 ------- Run | Yrd Mat Sub Mat Sto Rec Fac Low Low Dat Pro Fac Ext Cet Arc Hub Fac Upp Upp Zhi Pro Res Qua Res Tes Frg Acc Maximum Alert Level 5 | . 1 . 1 3 1 1 . . . . . 2 2 1 4 2 . . . . . . 2 1 3 5 Low Security (%) 49 | 100 88 . 82 40 92 1 . . . . 100 67 . 71 62 . . . . . 100 100 49 21 . . Level 1 20 | . 11 . 17 12 7 98 . . . . . 13 95 28 5 27 . . . . . . 28 78 45 . Level 2 10 | . . . . 34 . . . . . . . 19 4 . 11 72 . . . . . . 22 . 28 5 Level 3 4 | . . . . 13 . . . . . . . . . . 8 . . . . . . . . . 25 4 Level 4 . | . . . . . . . . . . . . . . . 11 . . . . . . . . . . 3 Level 5 3 | . . . . . . . . . . . . . . . . . . . . . . . . . . 19 High Security 10 | . . . . . . . . . . . . . . . . . . . . . . . . . . 67 Max Security . | . . . . . . . . . . . . . . . . . . . . . . . . . . . Sterilizations 1 | . . . . . . . . . . . . . . . . . . . . . . . . . . 1 Peak Influence 6355 | . 232 . 220 785 329 315 . . . . 197 651 413 302 1158 679 . . . . 115 93 591 388 1005 6355 Initial 602 | . . . . 72 304 250 . . . . . 64 328 130 . 517 . . . . . . 36 340 200 602 Average 875 | . 117 . 129 360 56 253 . . . . 117 173 342 134 364 438 . . . . 18 56 214 269 522 4264 Influence Increases 19786 | . 563 . 893 1582 296 825 484 10 . 105 368 1112 385 244 1958 715 70 60 15 115 379 205 803 739 1523 6337 Destroy 0b10 Robot/C 9020 | . 380 . 500 780 80 340 400 . . 60 200 520 160 80 340 120 40 . . 60 140 . 200 320 1020 3280 Destroy 0b10 Robot/NC 990 | . 55 . 95 50 30 15 . 10 . . 5 35 10 20 125 10 . . 15 15 15 . 25 30 25 405 Destroy Leader 1554 | . 78 . 176 188 . 56 40 . . . 30 24 . . 88 32 . . . 10 44 . 56 32 110 590 Allied During Kill 1152 | . . . . 273 19 33 29 . . . . 399 164 100 135 . . . . . . . . . . . Successful Hack 377 | . 19 . 38 32 15 8 . . . . 22 33 . . 10 54 . . . . 26 114 . 6 . . Select Force Hacks 260 | . 30 . . 30 150 . . . . . . . . . . 50 . . . . . . . . . . Disable Machine 1155 | . . . 15 90 . 45 . . . . 30 30 15 30 375 30 . . . . 45 15 45 120 180 90 Anti-Garrison Action 150 | . . . . . . . . . . . . . . . 150 . . . . . . . . . . . Destroy Structure 3153 | . 1 . 9 49 2 18 . . . . 66 56 36 14 720 44 . . . . 64 16 222 156 53 1627 Advance Influence 250 | . . . . . . 250 . . . . . . . . . . . . . . . . . . . . Partial Spotted 120 | . . . . . . . . . . . . . . . . 15 . . . . 15 30 30 . 15 15 Lose Combat Pursuer 1605 | . . . 60 90 . 60 15 . . 45 15 15 . . 15 360 30 60 . 30 30 30 225 75 120 330 Influence Decreases 13431 | . 416 147 722 971 1078 530 480 309 . 105 236 657 647 569 902 1343 439 119 15 115 379 140 262 988 875 987 Entered New Map 2902 | . . 71 . 99 478 . 110 57 . . . 68 259 195 . 539 159 12 . . . . 29 266 157 403 Time Decay 8176 | . 416 76 572 592 580 410 310 252 . 105 226 429 278 354 392 404 270 107 15 105 346 140 223 392 668 514 Lost Part 470 | . . . . 10 . 10 20 . . . 10 . 10 . 130 100 10 . . 10 . . 10 30 50 70 Lost Ally 650 | . . . . 120 20 110 40 . . . . 160 100 20 80 . . . . . . . . . . . Purge Threat 1233 | . . . 150 150 . . . . . . . . . . 300 300 . . . . 33 . . 300 . . Squads Dispatched 106 | . 3 . 4 7 . 4 . . . . 2 1 . . 11 8 . . . . 2 2 4 6 9 43 Investigation 6 | . 2 . . 1 . 1 . . . . . . . . . 1 . . . . 1 . . . . . Extermination 24 | . . . . . . 2 . . . . 1 . . . 2 2 . . . . . 1 2 4 7 3 Reinforcement 26 | . 1 . 3 1 . 1 . . . . 1 . . . 3 2 . . . . 1 1 2 2 1 7 Assault 37 | . . . . 2 . . . . . . . 1 . . 3 . . . . . . . . . 1 30 Garrison 13 | . . . 1 3 . . . . . . . . . . 3 3 . . . . . . . . . 3 Intercept . | . . . . . . . . . . . . . . . . . . . . . . . . . . . Searches Triggered . | . . . . . . . . . . . . . . . . . . . . . . . . . . . Unchained Authorized 1 | . . . . . . . . . . . . . . . . . . . . . . . . . . 1 Data Miner Redirects 1 | . . . . . . . . . . . . . . . 1 . . . . . . . . . . . Construction Impeded 7 | . . . . 1 . . . . . . . . . . 1 . . . . . 1 . . . . 4 Haulers Reinforced 3 | . . . . . . . . . . . . . . . . . . . . . . . . 1 . 2 Active Scanning Responses . | . . . . . . . . . . . . . . . . . . . . . . . . . . . Cargo Convoy Interrupts . | . . . . . . . . . . . . . . . . . . . . . . . . . . . Stealth | -11 -10 -10 -8 -8 -8 -6 -6 -6 -6 -5 -5 -5 -5 -5 -5 -4 -4 -4 -4 -3 -3 -3 -2 -2 -2 -1 --------- Run | Yrd Mat Sub Mat Sto Rec Fac Low Low Dat Pro Fac Ext Cet Arc Hub Fac Upp Upp Zhi Pro Res Qua Res Tes Frg Acc Distress Signals 30 | . 2 . 1 2 . . . . . . 2 . 2 . 2 3 . . . 1 5 2 1 2 1 4 Communications Jammed 31 | . . . . . . . . . . . . . . . . . . . . . . 19 8 2 2 . Distress Signals 27 | . . . . . . . . . . . . . . . . . . . . . . 19 6 2 . . Times Spotted 726 | . 29 9 38 52 14 21 18 2 . 6 14 33 10 9 35 48 9 4 . 5 29 11 32 31 62 205 Peak Tracking Total 17 | . 4 3 5 7 3 6 7 2 . 3 5 6 5 2 10 14 10 4 . 2 7 8 11 5 9 17 Tactical Retreats 59 | . . . 4 5 . 3 1 . . 1 1 1 . . 1 9 1 2 . 2 2 1 5 4 3 13 Traps | -11 -10 -10 -8 -8 -8 -6 -6 -6 -6 -5 -5 -5 -5 -5 -5 -4 -4 -4 -4 -3 -3 -3 -2 -2 -2 -1 ------- Run | Yrd Mat Sub Mat Sto Rec Fac Low Low Dat Pro Fac Ext Cet Arc Hub Fac Upp Upp Zhi Pro Res Qua Res Tes Frg Acc Traps Triggered 38 | . 2 1 1 1 . . . . . . . 1 . . 3 . . . . . 1 . . 4 16 8 Indirectly 4 | . . . . . . . . . . . . . . . 3 . . . . . . . . . 1 . Trap Hack Attempts 3 | . . . 3 . . . . . . . . . . . . . . . . . . . . . . . Triggered . | . . . . . . . . . . . . . . . . . . . . . . . . . . . Disarmed 2 | . . . 2 . . . . . . . . . . . . . . . . . . . . . . . Reprogrammed . | . . . . . . . . . . . . . . . . . . . . . . . . . . . Reused . | . . . . . . . . . . . . . . . . . . . . . . . . . . . Traps Extracted . | . . . . . . . . . . . . . . . . . . . . . . . . . . . Installed . | . . . . . . . . . . . . . . . . . . . . . . . . . . . Triggered . | . . . . . . . . . . . . . . . . . . . . . . . . . . . Objects Rigged 3 | . . . . . . . . . . . . . . . . 3 . . . . . . . . . . Machines | -11 -10 -10 -8 -8 -8 -6 -6 -6 -6 -5 -5 -5 -5 -5 -5 -4 -4 -4 -4 -3 -3 -3 -2 -2 -2 -1 ---------- Run | Yrd Mat Sub Mat Sto Rec Fac Low Low Dat Pro Fac Ext Cet Arc Hub Fac Upp Upp Zhi Pro Res Qua Res Tes Frg Acc Machines Disabled 88 | . 1 1 1 6 . 3 . . . . 2 5 1 2 26 2 . . . . 3 1 3 8 16 7 Max in Single Turn 15 | . 1 1 1 1 . 1 . . . . 1 1 1 1 15 1 . . . . 1 1 1 1 2 1 Garrison Access 5 | . . . . 1 . . . . . . . . . . 1 . . . . . . . 1 . . 2 Network Hub 2 | . . . . . . . . . . . . . . . 2 . . . . . . . . . . . Energy Cycler 1 | . . . . . . . . . . . . . . . . . . . . . . . . . . 1 Machines Repaired . | . . . . . . . . . . . . . . . . . . . . . . . . . . . Machines Dismantled . | . . . . . . . . . . . . . . . . . . . . . . . . . . . Machines Sabotaged 1 | . . . . . . . . . . . . . . . . 1 . . . . . . . . . . Overloaded Fab Kills . | . . . . . . . . . . . . . . . . . . . . . . . . . . . Hacking | -11 -10 -10 -8 -8 -8 -6 -6 -6 -6 -5 -5 -5 -5 -5 -5 -4 -4 -4 -4 -3 -3 -3 -2 -2 -2 -1 --------- Run | Yrd Mat Sub Mat Sto Rec Fac Low Low Dat Pro Fac Ext Cet Arc Hub Fac Upp Upp Zhi Pro Res Qua Res Tes Frg Acc Machines Accessed 105 | . 8 2 11 14 11 4 . . 3 . 3 3 . . 7 4 . 1 3 . 5 8 7 6 2 3 Terminals 70 | . 6 . 8 11 5 3 . . . . 1 3 . . 6 4 . . . . 4 8 4 5 1 1 Fabricators 2 | . . . . . . . . . . . 1 . . . . . . . . . . . 1 . . . Repair Stations 2 | . 1 . . 1 . . . . . . . . . . . . . . . . . . . . . . Recycling Units 7 | . 1 . . 1 5 . . . . . . . . . . . . . . . . . . . . . Scanalyzers 7 | . . . 2 . . 1 . . . . 1 . . . . . . . . . 1 . 1 1 . . Garrison Access 7 | . . . 1 1 . . . . . . . . . . 1 . . . . . . . 1 . 1 2 Total Hacks 300 | . 18 5 29 32 18 11 . . 21 . 6 6 . . 19 26 . 5 13 . 17 28 22 15 3 6 Successful 163 | . 5 5 13 25 16 4 . . 21 . 5 2 . . 8 12 . 5 13 . 5 12 3 8 1 . Failed 135 | . 13 . 15 7 2 6 . . . . 1 4 . . 11 14 . . . . 12 16 19 7 2 6 Catastrophic 44 | . 4 . 3 . . 2 . . . . . 1 . . 1 6 . . . . 4 6 10 2 1 4 Database Lockouts 2 | . . . 1 . . 1 . . . . . . . . . . . . . . . . . . . . Manual 117 | . 16 . 9 14 14 2 . . . . 2 1 1 . 5 18 . . . . 5 18 6 6 . . Terminals 199 | . 16 . 18 21 10 6 . . . . 2 6 . . 18 26 . . . . 13 28 16 14 2 3 Fabricators 3 | . . . . . . . . . . . 2 . . . . . . . . . . . 1 . . . Repair Stations 7 | . 1 . . 6 . . . . . . . . . . . . . . . . . . . . . . Recycling Units 8 | . 1 . . 2 5 . . . . . . . . . . . . . . . . . . . . . Scanalyzers 22 | . . . 8 . . 5 . . . . 2 . . . . . . . . . 4 . 2 1 . . Garrison Access 14 | . . . 3 3 . . . . . . . . . . 1 . . . . . . . 3 . 1 3 Terminal Hacks 99 | . 4 5 5 14 5 1 . . 21 . . 1 . . 4 8 . 5 13 . 1 4 . 7 1 . Record 18 | . . 4 . . 1 . . . 6 . . . . . . . . 5 1 . . . . . 1 . Part Schematic 12 | . . . . . . . . . 8 . . . . . . . . . 4 . . . . . . . Robot Schematic 6 | . 1 . . . 1 . . . 4 . . . . . . . . . . . . . . . . . Robot Analysis 7 | . 2 . . . . . . . . . . 1 . . . . . . 4 . . . . . . . Prototype ID Bank 12 | . 1 . 1 2 1 . . . 3 . . . . . . . . . 4 . . . . . . . Open Door 7 | . . . . 6 . . . . . . . . . . . . . . . . . . . 1 . . Branch Access Points 2 | . . . 1 . . 1 . . . . . . . . . . . . . . . . . . . . Terminal Index 1 | . . . . . . . . . . . . . . . . . . . . . . . . 1 . . Alert Level 3 | . . . . . . . . . . . . . . . . 1 . . . . . . . 2 . . Unreport Threat 9 | . . . 1 1 . . . . . . . . . . 2 2 . . . . 1 . . 2 . . Locate Traps 8 | . . . 1 2 . . . . . . . . . . 2 1 . . . . . 1 . 1 . . Surveillance Status 1 | . . . . 1 . . . . . . . . . . . . . . . . . . . . . . Patrol Status 1 | . . . . . . . . . . . . . . . . 1 . . . . . . . . . . Hauler Manifests 4 | . . . 1 1 . . . . . . . . . . . 1 . . . . . 1 . . . . Registered Components 1 | . . . . . . . . . . . . . . . . 1 . . . . . . . . . . Zone Layout 4 | . . . . 1 . . . . . . . . . . . 1 . . . . . 2 . . . . Proto ID Catalog 1 | . . 1 . . . . . . . . . . . . . . . . . . . . . . . . Release Object 2 | . . . . . 2 . . . . . . . . . . . . . . . . . . . . . Fabricator Hacks 3 | . . . . . . . . . . . 2 . . . . . . . . . . . 1 . . . Network Status 2 | . . . . . . . . . . . 1 . . . . . . . . . . . 1 . . . Build 1 | . . . . . . . . . . . 1 . . . . . . . . . . . . . . . Repair Station Hacks 6 | . . . . 6 . . . . . . . . . . . . . . . . . . . . . . Scan Component 3 | . . . . 3 . . . . . . . . . . . . . . . . . . . . . . Repair 3 | . . . . 3 . . . . . . . . . . . . . . . . . . . . . . Recycling Unit Hacks . | . . . . . . . . . . . . . . . . . . . . . . . . . . . Scanalyzer 16 | . . . 7 . . 3 . . . . 2 . . . . . . . . . 3 . 1 . . . Insert Component 6 | . . . 2 . . 1 . . . . 1 . . . . . . . . . 2 . . . . . Analyze 5 | . . . 3 . . 1 . . . . 1 . . . . . . . . . . . . . . . Retrieve Study 5 | . . . 2 . . 1 . . . . . . . . . . . . . . 1 . 1 . . . Garrison Access Hacks 2 | . . . . 1 . . . . . . . . . . . . . . . . . . 1 . . . Seal Access 2 | . . . . 1 . . . . . . . . . . . . . . . . . . 1 . . . Unauthorized Hacks 37 | . 1 . 1 4 11 . . . . . 1 1 . . 4 4 . . . . 1 8 . 1 . . Terminals 30 | . . . 1 3 6 . . . . . 1 1 . . 4 4 . . . . 1 8 . 1 . . Track 12 | . . . . . . . . . . . 1 . . . 3 1 . . . . . 6 . 1 . . Botnet 11 | . . . 1 3 1 . . . . . . 1 . . 1 1 . . . . 1 2 . . . . Detonate 1 | . . . . . . . . . . . . . . . . 1 . . . . . . . . . . Skim 5 | . . . . . 5 . . . . . . . . . . . . . . . . . . . . . Sabotage 1 | . . . . . . . . . . . . . . . . 1 . . . . . . . . . . Fabricators . | . . . . . . . . . . . . . . . . . . . . . . . . . . . Repair Stations . | . . . . . . . . . . . . . . . . . . . . . . . . . . . Recycling Units 7 | . 1 . . 1 5 . . . . . . . . . . . . . . . . . . . . . Tunnel 7 | . 1 . . 1 5 . . . . . . . . . . . . . . . . . . . . . Scanalyzers . | . . . . . . . . . . . . . . . . . . . . . . . . . . . Garrison Access . | . . . . . . . . . . . . . . . . . . . . . . . . . . . Data Cores Recovered 3 | . 1 . . 1 . . . . . . . . . . . . . . . . . . . 1 . . Used . | . . . . . . . . . . . . . . . . . . . . . . . . . . . Hacking Detections 70 | . 7 . 10 7 2 4 . . . . 3 3 1 . 7 4 . . . . 5 4 5 4 1 3 Full Trace Events 4 | . 1 . 2 . . 1 . . . . . . . . . . . . . . . . . . . . Feedback Events . | . . . . . . . . . . . . . . . . . . . . . . . . . . . Feedback Blocked . | . . . . . . . . . . . . . . . . . . . . . . . . . . . Robot Schematics Acquired 6 | . 1 . . . 1 . . . 4 . . . . . . . . . . . . . . . . . Robots Built . | . . . . . . . . . . . . . . . . . . . . . . . . . . . Authchips . | . . . . . . . . . . . . . . . . . . . . . . . . . . . Time . | . . . . . . . . . . . . . . . . . . . . . . . . . . . Total Robot Build Rating . | . . . . . . . . . . . . . . . . . . . . . . . . . . . Part Schematics Acquired 23 | . . . 2 . . . . . 8 . . . . . . . . . 4 . . . . 2 7 . Parts Built 2 | . . . . . . . . . . . 2 . . . . . . . . . . . . . . . Authchips . | . . . . . . . . . . . . . . . . . . . . . . . . . . . Time 53 | . . . . . . . . . . . 53 . . . . . . . . . . . . . . . Total Part Build Rating 12 | . . . . . . . . . . . 12 . . . . . . . . . . . . . . . Part Studies Acquired 5 | . . . 2 . . 1 . . . . . . . . . . . . . . 1 . 1 . . . Parts Repaired 3 | . . . . 3 . . . . . . . . . . . . . . . . . . . . . . Time 114 | . . . . 114 . . . . . . . . . . . . . . . . . . . . . . Parts Recycled . | . . . . . . . . . . . . . . . . . . . . . . . . . . . Recycled Matter . | . . . . . . . . . . . . . . . . . . . . . . . . . . . Retrieved Matter . | . . . . . . . . . . . . . . . . . . . . . . . . . . . Retrieved Components . | . . . . . . . . . . . . . . . . . . . . . . . . . . . Parts Scanalyzed 4 | . . . 2 . . 1 . . . . 1 . . . . . . . . . . . . . . . Part Schematics Acquired 2 | . . . 2 . . . . . . . . . . . . . . . . . . . . . . . Parts Damaged . | . . . . . . . . . . . . . . . . . . . . . . . . . . . Bothacking | -11 -10 -10 -8 -8 -8 -6 -6 -6 -6 -5 -5 -5 -5 -5 -5 -4 -4 -4 -4 -3 -3 -3 -2 -2 -2 -1 ------------ Run | Yrd Mat Sub Mat Sto Rec Fac Low Low Dat Pro Fac Ext Cet Arc Hub Fac Upp Upp Zhi Pro Res Qua Res Tes Frg Acc Used RIF Installer . | . . . . . . . . . . . . . . . . . . . . . . . . . . . Robots Hacked . | . . . . . . . . . . . . . . . . . . . . . . . . . . . Non-combat . | . . . . . . . . . . . . . . . . . . . . . . . . . . . Combat . | . . . . . . . . . . . . . . . . . . . . . . . . . . . Robot Hacks Applied . | . . . . . . . . . . . . . . . . . . . . . . . . . . . Relay Couplers Released 1 | . . . . . . . . . . . . . . . 1 . . . . . . . . . . . Machine Destruction 1 | . . . . . . . . . . . . . . . 1 . . . . . . . . . . . Fabnet Peak Effective % . | . . . . . . . . . . . . . . . . . . . . . . . . . . . Robots Rewired 24 | . . . . . 7 . 2 . . . . 15 . . . . . . . . . . . . . . Allies Hacked . | . . . . . . . . . . . . . . . . . . . . . . . . . . . Hacks Repelled . | . . . . . . . . . . . . . . . . . . . . . . . . . . . Allies | -11 -10 -10 -8 -8 -8 -6 -6 -6 -6 -5 -5 -5 -5 -5 -5 -4 -4 -4 -4 -3 -3 -3 -2 -2 -2 -1 -------- Run | Yrd Mat Sub Mat Sto Rec Fac Low Low Dat Pro Fac Ext Cet Arc Hub Fac Upp Upp Zhi Pro Res Qua Res Tes Frg Acc Total Allies 48 | . . . . 10 7 . 2 . . . . 24 5 . . . . . . . . . . . . . Largest Group 17 | . . . . 10 9 9 2 . . . . 17 14 12 4 . . . . . . . . . . . Highest-Rated Group 822 | . . . . 173 120 120 61 . . . . 639 822 726 384 . . . . . . . . . . . Highest-Rated Ally 159 | . . . . 29 34 34 32 . . . . 159 143 143 96 . . . . . . . . . . . Total Orders 1 | . . . . . . . . . . . . . . . 1 . . . . . . . . . . . ROAM 1 | . . . . . . . . . . . . . . . 1 . . . . . . . . . . . Ally Attacks 428 | . . . . 66 43 28 18 . . . . 155 44 31 43 . . . . . . . . . . . Total Damage 8568 | . . . . 849 574 576 345 . . . . 2887 832 795 1710 . . . . . . . . . . . Kills 66 | . . . . 9 7 5 4 . . . . 23 7 2 9 . . . . . . . . . . . Allies Corrupted 1 | . . . . . . . . . . . . . . . 1 . . . . . . . . . . . Allies Melted 1 | . . . . . . . . . . . . 1 . . . . . . . . . . . . . . Intel | -11 -10 -10 -8 -8 -8 -6 -6 -6 -6 -5 -5 -5 -5 -5 -5 -4 -4 -4 -4 -3 -3 -3 -2 -2 -2 -1 ------- Run | Yrd Mat Sub Mat Sto Rec Fac Low Low Dat Pro Fac Ext Cet Arc Hub Fac Upp Upp Zhi Pro Res Qua Res Tes Frg Acc Active Infowar (turns) 12312 | . . 1213 79 . . . . 651 52 157 . . . . 517 . . 173 385 1303 1420 289 503 920 1864 2786 Optics 5412 | . . . . . . . . . . . . . . . . . . 173 385 1303 1420 289 503 920 419 . Sensors 1452 | . . . . . . . . . . . . . . . 470 . . . . . . . 292 594 96 . IFF 5015 | . . . . . . . . . . . . . . . . . . 71 385 1221 1389 289 503 18 741 398 Structural 1292 | . . 1213 79 . . . . . . . . . . . . . . . . . . . . . . . Seismic 47 | . . . . . . . . . . . . . . . 47 . . . . . . . . . . . Cloaking 3877 | . . . . . . . . 651 52 157 . . . . . . . . . . . . . . 240 2777 Jamming 3548 | . . . . . . . . . . . . . . . . . . . . . 869 289 312 830 1248 . Robot Analysis Total 7 | . 2 . . . . . . . . . . 1 . . . . . . 4 . . . . . . . Derelict Logs Recovered 6 | . . . . . . . 2 2 . 1 . . . . . . . 1 . . . . . . . . Drone Launches . | . . . . . . . . . . . . . . . . . . . . . . . . . . . Drone Recoveries . | . . . . . . . . . . . . . . . . . . . . . . . . . . . Exploration | -11 -10 -10 -8 -8 -8 -6 -6 -6 -6 -5 -5 -5 -5 -5 -5 -4 -4 -4 -4 -3 -3 -3 -2 -2 -2 -1 ------------- Run | Yrd Mat Sub Mat Sto Rec Fac Low Low Dat Pro Fac Ext Cet Arc Hub Fac Upp Upp Zhi Pro Res Qua Res Tes Frg Acc Turns Passed 32527 | 69 1380 1267 2601 1878 4066 990 680 729 52 555 641 1500 600 876 938 966 597 434 385 1303 1420 289 503 920 2572 4316 Spaces Moved 23907 | 50 662 659 1167 783 2330 840 843 1071 82 619 621 897 264 225 413 763 404 524 164 563 1616 644 960 1274 2114 3355 Core 1606 | 19 . . . . . . . . . . . . . . 42 581 404 476 84 . . . . . . . Treads 8044 | 31 662 585 1167 783 1431 191 . . . . 51 138 . 197 68 72 . . . 5 . . . . 414 2249 Legs 4675 | . . . . . . 594 . . . 484 394 759 8 . 262 . . . . 37 756 . . 265 10 1106 Wheels 975 | . . 74 . . 899 . . . . . . . . 2 . . . . . . . . . . . . Hover 2727 | . . . . . . 55 843 1071 82 135 176 . . . 41 110 . . . . 214 . . . . . Flight 5880 | . . . . . . . . . . . . . 256 26 . . . 48 80 521 646 644 960 1009 1690 . Fastest Speed 24 | 50 160 120 160 160 93 63 63 63 63 63 63 85 153 137 50 50 50 50 50 63 37 37 24 30 42 42 Average Speed 92 | 120 160 157 160 167 132 91 63 63 63 77 76 121 174 163 173 102 62 66 195 147 58 37 34 38 57 67 Slowest Speed 360 | 160 160 260 160 170 360 93 63 63 63 81 86 153 182 186 215 252 200 200 200 193 81 37 37 58 71 103 Overloaded Moves 31 | . . . . . . . . . . . . . . . . . . . . . . . 31 . . . Propulsion Burnouts . | . . . . . . . . . . . . . . . . . . . . . . . . . . . Robots Hopped 31 | . . . . . . . . . . . . 2 . . . . . . . 1 . 2 14 12 . . Potential Cave-ins 2 | . . . . . . . . . . . . . . . . . . . . . 2 . . . . . Cave-ins Triggered . | . . . . . . . . . . . . . . . . . . . . . . . . . . . Exploration Rate (%) 62 | 4 92 31 91 92 99 20 98 97 69 80 11 85 68 81 42 23 45 67 61 70 45 79 31 90 33 80 Regions Visited 26 Branch Regions 18 Pre-discovered Areas 10 | . 1 . . 1 6 . . 1 1 . . . . . . . . . . . . . . . . . Known Exits Taken 8 | . . 1 1 1 . 1 1 . . . . . . . . . . . . . . . 1 1 1 . Unknown Exits Taken 18 | 1 1 . . . 1 . . 1 1 1 1 1 1 1 1 1 1 1 1 1 1 1 . . . . Scrap Searched 23 | . . 9 . . . . 2 4 . 1 . . . . . . 2 3 . 2 . . . . . . Spaces Dug 153 | . . 1 2 2 1 . 1 14 . . 2 . . . 5 4 . . . . 13 7 11 9 7 74 Terrain Destroyed 1608 | . . 4 4 56 1 1 69 27 . 19 39 18 8 6 452 23 2 . . . 37 8 78 50 26 680 Melee 8 | . . . . . 1 . . . . . . . . . . . . . . . 7 . . . . . Projectile 452 | . . 4 4 23 . 1 5 . . 17 22 18 8 6 89 15 2 . . . 30 8 26 50 26 98 AOE 1148 | . . . . 33 . . 64 27 . 2 17 . . . 363 8 . . . . . . 52 . . 582 Terrain Rammed . | . . . . . . . . . . . . . . . . . . . . . . . . . . . Walls Destroyed . | . . . . . . . . . . . . . . . . . . . . . . . . . . . Machines Disabled . | . . . . . . . . . . . . . . . . . . . . . . . . . . . Actions | -11 -10 -10 -8 -8 -8 -6 -6 -6 -6 -5 -5 -5 -5 -5 -5 -4 -4 -4 -4 -3 -3 -3 -2 -2 -2 -1 --------- Run | Yrd Mat Sub Mat Sto Rec Fac Low Low Dat Pro Fac Ext Cet Arc Hub Fac Upp Upp Zhi Pro Res Qua Res Tes Frg Acc Total 32046 | 56 835 772 1697 1193 3255 982 926 1101 81 661 729 1242 392 717 557 899 741 607 219 969 2004 682 1066 1544 3070 5049 Wait 5743 | . 67 35 337 287 803 84 17 7 . 24 48 177 92 458 54 46 322 72 38 348 293 21 56 127 526 1404 Move 23821 | 49 661 658 1166 782 2329 839 842 1070 81 618 620 892 263 224 412 762 403 523 163 560 1615 639 933 1250 2113 3354 Hop 28 | . . . . . . . . . . . . 2 . . . . . . . 1 . 2 12 11 . . Pick Up 172 | 1 14 8 19 3 3 6 1 2 . . 6 6 4 . 2 3 3 1 1 2 7 6 2 6 47 19 Fast Attach 92 | 6 1 2 8 6 3 2 . . . . 2 . 2 3 2 10 1 5 6 7 8 . . 5 7 6 Attach 68 | . . 2 4 1 1 3 3 1 . . 3 4 . . 5 7 . . . 1 4 . 3 1 12 13 Detach 54 | . . . 1 . 5 1 2 1 . . . 3 . 2 2 8 . 1 . 4 7 . . . 10 7 Swap 159 | . 4 13 19 21 2 1 3 1 . 1 2 5 1 . 3 . . . . 3 4 2 11 18 30 15 Drop 188 | . 8 1 31 13 17 1 . . . . 5 7 6 2 3 5 4 4 3 2 10 2 . 8 44 12 Fire 1340 | . 79 53 91 65 27 34 40 18 . 18 43 53 24 28 70 38 7 1 8 20 45 10 49 110 199 210 Melee 36 | . . . . . 2 . . . . . . . . . . . . . . 21 11 . . . 2 . Ram 24 | . . . . . 1 2 . . . . . . . . . 19 1 . . . . . . . 1 . Kick 22 | . . . . . . 9 . . . . . . . . 4 . . . . . . . . 6 . 3 Crush 36 | . 1 . 18 15 . . . . . . . 1 . . . 1 . . . . . . . . . . Escape Stasis 87 | . . . . . . . . . . . . . . . . . . . . . . . . 2 79 6 Rewire 173 | . . . . . 62 . 18 1 . . . 92 . . . . . . . . . . . . . . Trap 3 | . . . 3 . . . . . . . . . . . . . . . . . . . . . . . Miscellaneous . | . . . . . . . . . . . . . . . . . . . . . . . . . . . Route ------- -11/Scrapyard -10/Materials (discovered 5 exits: [*Mat x3] / [*Min] / *Sub) -10/Subcaves (discovered 3 exits: *Mat x2 / Rec) -8/Materials (discovered 5 exits: [*Fac x3] / *Sto x2) -8/Storage (discovered 2 exits: [*Fac] / *Rec) -8/Recycling -6/Factory (discovered 2 exits: *Low x2) -6/Lower Caves -6/Lower Caves (discovered 2 exits: *Fac / *Dat) -6/Data Miner -5/Proximity Caves -5/Factory -5/Extension (discovered 2 exits: *Fac / *Cet) -5/Cetus (discovered 2 exits: *Fac / [*Arc]) -5/Archives (discovered 3 exits: *Fac / *Hub x2) -5/Hub_04(d) -4/Factory -4/Upper Caves -4/Upper Caves -4/Zhirov -3/Proximity Caves -3/Research (discovered 2 exits: *Res / *Qua) -3/Quarantine -2/Research (discovered 2 exits: *Acc / *Tes) -2/Testing (discovered 3 exits: *Acc / *Sec / *Frg) -2/Protoforge -1/Access To Epsilon Eridani History --------- Turn | Location | Event 11 | -11/Scrapyard | Discovered new exit (range 15) 70 | -11/Scrapyard | Entered Materials 302 | -10/Materials | Build established: Mutant 344 | -10/Materials | Discovered new exit (range 16) 435 | -10/Materials | Discovered new exit (range 11) 640 | -10/Materials | Destroyed 7 combat bots 1028 | -10/Materials | Discovered new exit (range 3) 1285 | -10/Materials | Discovered new exit (range 16) 1441 | -10/Materials | Discovered new exit (range 6) 1450 | -10/Materials | Entered Subcaves 1451 | -10/Subcaves | Approached by a straggling Scientist 1564 | -10/Subcaves | Discovered new exit (range 8) 1649 | -10/Subcaves | Visited Clippyterm 1652 | -10/Subcaves | Identified exit to Recycling 1652 | -10/Subcaves | Identified exit to Materials 1652 | -10/Subcaves | Learned Factory trap positions 1764 | -10/Subcaves | Disturbed a concealed Subdweller 1767 | -10/Subcaves | Core integrity fell below 50% 1879 | -10/Subcaves | Shifting Twisted Machinery released Spk. Treads 1919 | -10/Subcaves | Shifting Twisted Machinery released Mak. Light Armor Plating 2175 | -10/Subcaves | Disturbed a concealed Subdweller 2402 | -10/Subcaves | Core integrity fell below 20% 2421 | -10/Subcaves | Visited 4L-MR0's lab 2444 | -10/Subcaves | Found Gun Armor 2717 | -10/Subcaves | Entered Materials 2717 | -8/Materials | Evolved 4 slots: Propulsion x1, Utility x2, Weapon x1 3012 | -8/Materials | Build established: Tank 3508 | -8/Materials | Identified exit to Storage 3557 | -8/Materials | Central database locked down 3584 | -8/Materials | Discovered new exit (range 7) 3969 | -8/Materials | Discovered new exit (range 14) 4330 | -8/Materials | Discovered new exit (range 14) 4577 | -8/Materials | Garrison activated, responded to threat 5318 | -8/Materials | Entered Storage 5871 | -8/Storage | Used back door to open Recycling access 5871 | -8/Storage | Discovered exit to Recycling (range 5) 6044 | -8/Storage | Garrison activated, responded to threat 6153 | -8/Storage | Assisted by bots powering up and referring to "LRC-V3" 6458 | -8/Storage | Build established: Commander-Tank 6507 | -8/Storage | Repaired Cooling System 6518 | -8/Storage | First assault squad dispatched 6553 | -8/Storage | Repaired Imp. Medium Armor Plating 6592 | -8/Storage | Repaired Hvy. Particle Cannon+ 6664 | -8/Storage | Lost 5 allies 6821 | -8/Storage | Discovered new exit (range 8) 7196 | -8/Storage | Entered Recycling 7196 | -8/Recycling | Accompanied by 4 allies 7604 | -8/Recycling | Build established: Tank 7820 | -8/Recycling | Discovered new exit (range 6) 7976 | -8/Recycling | Learned Factory emergency access door positions 8044 | -8/Recycling | Learned location of 1 exit from Lower Caves 8152 | -8/Recycling | Learned location of Zion (-7) 8190 | -8/Recycling | Learned location of 1 exit from Recycling 8236 | -8/Recycling | Learned Storage emergency access door positions 8292 | -8/Recycling | Learned location of 1 exit from Storage 8771 | -8/Recycling | Entered Scraplab 8803 | -8/Recycling | Found Prototype Device 8813 | -8/Recycling | Identified Scrap Engine 9056 | -8/Recycling | Build established: Commander-Mutant 9670 | -8/Recycling | Build established: Commander-Construct 11262 | -8/Recycling | Entered Factory 11262 | -6/Factory | Accompanied by 9 allies 11262 | -6/Factory | Evolved 4 slots: Power x1, Propulsion x1, Utility x2 11263 | -6/Factory | Loaded intel: 67 trap records 11439 | -6/Factory | Attached Gun Armor, gained temporary slots: Weapon x2 11440 | -6/Factory | Identified exit to Lower Caves 11592 | -6/Factory | Lost 7 allies 11617 | -6/Factory | Central database locked down 11802 | -6/Factory | Build established: Construct 12252 | -6/Factory | Entered Lower Caves 12253 | -6/Lower Caves | Identified exit to Lower Caves 12271 | -6/Lower Caves | Attracted the attention of an 0b10 outpost 12318 | -6/Lower Caves | Destroyed 7 combat bots 12517 | -6/Lower Caves | Attracted the attention of an 0b10 checkpoint 12531 | -6/Lower Caves | Spotted B-75 Beast 12602 | -6/Lower Caves | Learned Factory machine intel 12612 | -6/Lower Caves | Learned Factory trap positions 12932 | -6/Lower Caves | Entered another Lower Caves area 12948 | -6/Lower Caves | Learned location of Extension (-5) 12994 | -6/Lower Caves | Discovered new exit (range 6) 13048 | -6/Lower Caves | Encountered a Warlord checkpoint 13132 | -6/Lower Caves | P-60 Hacker assimilated allied 31-TOO(M) 13512 | -6/Lower Caves | Discovered new exit (range 13) 13661 | -6/Lower Caves | Entered Data Miner 13661 | -6/Data Miner | Discovered new exit (range 6) 13673 | -6/Data Miner | Met Data Miner 13686 | -6/Data Miner | Learned location of Section 7 (-2) 13686 | -6/Data Miner | Acquired the access code to Warlord's prototype stash 13697 | -6/Data Miner | Received God Mode back door access code from Data Miner 13713 | -6/Data Miner | Entered Proximity Caves 13715 | -5/Proximity Caves | Attracted the attention of an 0b10 checkpoint 13724 | -5/Proximity Caves | Learned Factory terminal intel 13729 | -5/Proximity Caves | Found DCF Scrap (13 items) 14051 | -5/Proximity Caves | Spotted B-75 Beast 14264 | -5/Proximity Caves | Discovered new exit (range 4) 14268 | -5/Proximity Caves | Entered Factory 14268 | -5/Factory | Evolved 2 slots: Propulsion x1, Utility x1 14269 | -5/Factory | Loaded intel: 97 trap records 14270 | -5/Factory | Loaded intel: 347 machine locations 14271 | -5/Factory | Loaded intel: 28 terminal locations 14420 | -5/Factory | Discovered new exit (range 15) 14456 | -5/Factory | Fabricated Imp. Weapon Cycler? 14909 | -5/Factory | Entered Extension 14945 | -5/Extension | Rescued a captive Derelict 15421 | -5/Extension | Rescued a captive Derelict 15422 | -5/Extension | Rescued a captive Derelict 15668 | -5/Extension | Build established: Commander-Construct 15819 | -5/Extension | Spotted B-75 Beast 15841 | -5/Extension | Allies destroyed B-75 Beast 15843 | -5/Extension | Spotted B-75 Beast 15863 | -5/Extension | Allies destroyed B-75 Beast 15890 | -5/Extension | Lost 3 allies 15984 | -5/Extension | Rescued a captive Derelict 15984 | -5/Extension | Rescued a captive Derelict 16020 | -5/Extension | Rescued A7 16191 | -5/Extension | Rescued a captive Derelict 16218 | -5/Extension | Rescued a captive Derelict 16220 | -5/Extension | Rescued a captive Derelict 16264 | -5/Extension | Lost 4 allies 16356 | -5/Extension | Discovered new exit (range 10) 16357 | -5/Extension | Discovered new exit (range 6) 16409 | -5/Extension | First assault squad dispatched 16409 | -5/Extension | Entered Cetus 16409 | -5/Cetus | Accompanied by 14 allies (A7) 16414 | -5/Cetus | Acquired a Cetus Manufacturing Module code from A7 16434 | -5/Cetus | Spotted Cetus Guard 16434 | -5/Cetus | Spotted Cetus Guard 16438 | -5/Cetus | Spotted Cetus Guard 16439 | -5/Cetus | Spotted Cetus Guard 16444 | -5/Cetus | Allies destroyed Cetus Guard 16446 | -5/Cetus | Destroyed Cetus Guard 16453 | -5/Cetus | Allies destroyed Cetus Guard 16455 | -5/Cetus | Allies destroyed Cetus Guard 16487 | -5/Cetus | Lost 6 allies 16585 | -5/Cetus | Started Cetus Manufacturing Module 16610 | -5/Cetus | Manufactured an Enhanced Grunt 16611 | -5/Cetus | Escorted A7 to Cetus Mainframe 16635 | -5/Cetus | Manufactured an Enhanced Grunt 16660 | -5/Cetus | Manufactured an Enhanced Grunt 16685 | -5/Cetus | Manufactured an Enhanced Grunt 16710 | -5/Cetus | Manufactured an Enhanced Grunt 16738 | -5/Cetus | Discovered new exit (range 15) 16776 | -5/Cetus | Spotted Cetus Guard 16776 | -5/Cetus | Spotted Cetus Guard 16780 | -5/Cetus | Spotted Cetus Guard 16781 | -5/Cetus | Spotted Cetus Guard 16784 | -5/Cetus | Allies destroyed Cetus Guard 16785 | -5/Cetus | Destroyed Cetus Guard 16795 | -5/Cetus | Destroyed Cetus Guard 16802 | -5/Cetus | Allies destroyed Cetus Guard 16809 | -5/Cetus | Discovered new exit (range 16) 16818 | -5/Cetus | Met Revision 17 17009 | -5/Cetus | Entered Archives 17009 | -5/Archives | Accompanied by 12 allies (A7) 17014 | -5/Archives | Received a hacking code to weaken MAIN.C 17206 | -5/Archives | Discovered new exit (range 15) 17276 | -5/Archives | Discovered new exit (range 16) 17848 | -5/Archives | Discovered new exit (range 15) 17885 | -5/Archives | Entered Hub_04(d) 17885 | -5/Hub_04(d) | Accompanied by 4 allies 17964 | -5/Hub_04(d) | Garrison activated, responded to threat 18050 | -5/Hub_04(d) | Lost 3 allies 18091 | -5/Hub_04(d) | Watched by a mysterious "MATRIX" hacker. 18258 | -5/Hub_04(d) | Build established: Construct 18289 | -5/Hub_04(d) | Discovered new exit (range 7) 18633 | -5/Hub_04(d) | Network Hub disabled 18635 | -5/Hub_04(d) | Network Hub disabled 18662 | -5/Hub_04(d) | Spotted Lightning 18664 | -5/Hub_04(d) | Spotted Lightning 18692 | -5/Hub_04(d) | Spotted Lightning 18718 | -5/Hub_04(d) | System corruption reached 10% 18726 | -5/Hub_04(d) | Destroyed Lightning 18775 | -5/Hub_04(d) | Found Prototype Device 18775 | -5/Hub_04(d) | Identified Exp. EM Shield 18776 | -5/Hub_04(d) | System corruption reached 30% 18780 | -5/Hub_04(d) | Found Prototype Processor 18785 | -5/Hub_04(d) | First assault squad dispatched 18792 | -5/Hub_04(d) | Core integrity fell below 50% 18793 | -5/Hub_04(d) | Spotted Lightning 18794 | -5/Hub_04(d) | Spotted Lightning 18800 | -5/Hub_04(d) | Incoming assault squad redirected 18801 | -5/Hub_04(d) | Spotted Lightning 18823 | -5/Hub_04(d) | Entered Factory 18823 | -4/Factory | Evolved 2 slots: Propulsion x1, Utility x1 18836 | -4/Factory | Lost 12 parts (2p2n4u4w) 19466 | -4/Factory | Garrison activated, responded to threat 19523 | -4/Factory | Lost 7 parts (2p1n1u3w) 19750 | -4/Factory | Build established: Mutant 19776 | -4/Factory | Discovered new exit (range 12) 19789 | -4/Factory | Entered Upper Caves 20378 | -4/Upper Caves | Discovered new exit (range 8) 20386 | -4/Upper Caves | Core integrity fell below 50% 20386 | -4/Upper Caves | Entered another Upper Caves area 20581 | -4/Upper Caves | Learned Research terminal intel 20601 | -4/Upper Caves | Discovered new exit (range 9) 20812 | -4/Upper Caves | Learned Factory emergency access door positions 20812 | -4/Upper Caves | Learned Armory security intel 20812 | -4/Upper Caves | Learned Factory terminal intel 20812 | -4/Upper Caves | Learned Factory garrison access intel 20820 | -4/Upper Caves | Entered Zhirov 20820 | -4/Zhirov | Discovered new exit (range 3) 20855 | -4/Zhirov | Met Zhirov 20911 | -4/Zhirov | Zhirov requested help retrieving the SGEMP Prototype 20941 | -4/Zhirov | Found Alien Artifact 20941 | -4/Zhirov | Identified Integrated Dissipator 20941 | -4/Zhirov | Installed Integrated Dissipator, increased core heat dissipation (+20) 20969 | -4/Zhirov | Found Alien Artifact 21205 | -4/Zhirov | Entered Proximity Caves 21505 | -3/Proximity Caves | Unaware initiated a cargo recovery operation 21776 | -3/Proximity Caves | System corruption reached 10% 22155 | -3/Proximity Caves | Build established: Derelict-Mutant 22177 | -3/Proximity Caves | Discovered new exit (range 17) 22508 | -3/Proximity Caves | Build established: Mutant 22508 | -3/Proximity Caves | Entered Research 22508 | -3/Research | Evolved 2 slots: Power x1, Utility x1 22509 | -3/Research | Loaded intel: 21 terminal locations 22548 | -3/Research | Spotted B-86 Titan 22611 | -3/Research | Found Prototype Device 22611 | -3/Research | Identified Exp. EM Disruption Field 22614 | -3/Research | Found Exp. EM Disruption Field 22708 | -3/Research | Revision forces began assault on 0b10 22786 | -3/Research | Met up with Revision 17++ 23000 | -3/Research | Spotted B-86 Titan 23035 | -3/Research | Found Unknown Launcher 23035 | -3/Research | Identified Gamma Bomb Array 23208 | -3/Research | Research terminal network offline 23256 | -3/Research | Identified Transdimensional Reconstructor 23342 | -3/Research | Build established: Construct 23438 | -3/Research | Discovered new exit (range 22) 23494 | -3/Research | Spotted Striker 23514 | -3/Research | Spotted Striker 23631 | -3/Research | Discovered new exit (range 4) 23648 | -3/Research | Spotted Striker 23851 | -3/Research | Lost 3 allies 23866 | -3/Research | Spotted Striker 23870 | -3/Research | Spotted Striker 23926 | -3/Research | Lost 5 allies 23928 | -3/Research | Entered Quarantine 23962 | -3/Quarantine | Found Alien Artifact 24046 | -3/Quarantine | Discovered new exit (range 13) 24217 | -3/Quarantine | Entered Research 24217 | -2/Research | Evolved 2 slots: Utility x2 24377 | -2/Research | Discovered new exit (range 22) 24548 | -2/Research | Identified exit to Access 24716 | -2/Research | Discovered new exit (range 6) 24717 | -2/Research | Identified exit to Testing 24720 | -2/Research | Entered Testing 24848 | -2/Testing | Spotted Striker 24848 | -2/Testing | Spotted Striker 24953 | -2/Testing | Destroyed Striker 24975 | -2/Testing | Discovered exit to Access (range 22) 25010 | -2/Testing | Found Prototype Hackware 25087 | -2/Testing | Found Portable AFG 25334 | -2/Testing | Lost 3 parts (2u1w) 25420 | -2/Testing | Found Prototype Device 25421 | -2/Testing | Identified AEGIS Remote Shield 25447 | -2/Testing | Scanned by Researcher 25539 | -2/Testing | Found Prototype Protection 25587 | -2/Testing | Spotted Fortress 25616 | -2/Testing | Discovered new exit (range 5) 25616 | -2/Testing | Discovered new exit (range 6) 25618 | -2/Testing | Identified exit to Protoforge 25620 | -2/Testing | Identified exit to Section 7 25640 | -2/Testing | Entered Protoforge 25648 | -2/Protoforge | Spotted Hotshot 25648 | -2/Protoforge | Spotted Hotshot 25657 | -2/Protoforge | Spotted Hotshot 25658 | -2/Protoforge | Superfortress began startup sequence 25685 | -2/Protoforge | Discovered exit to Access (range 13) 25742 | -2/Protoforge | Identified SHELL Armor 25779 | -2/Protoforge | System corruption reached 10% 25847 | -2/Protoforge | Found Prototype Device 25858 | -2/Protoforge | Spotted Immortal 25858 | -2/Protoforge | Spotted Immortal 25871 | -2/Protoforge | Spotted Decapitator 25871 | -2/Protoforge | Spotted Decapitator 25871 | -2/Protoforge | Spotted Decapitator 25871 | -2/Protoforge | Spotted Decapitator 25873 | -2/Protoforge | Spotted Decapitator 25873 | -2/Protoforge | Spotted Decapitator 25873 | -2/Protoforge | Spotted Decapitator 25875 | -2/Protoforge | Destroyed Decapitator 25875 | -2/Protoforge | Destroyed Decapitator 25878 | -2/Protoforge | Destroyed Decapitator 25878 | -2/Protoforge | Destroyed Decapitator 25878 | -2/Protoforge | Destroyed Decapitator 25878 | -2/Protoforge | Destroyed Decapitator 25919 | -2/Protoforge | Destroyed Immortal 25924 | -2/Protoforge | Destroyed Immortal 25998 | -2/Protoforge | Found Corrupted Prototype Slashing Weapon 26057 | -2/Protoforge | Found Prototype Device 26057 | -2/Protoforge | Identified Cep. Matter Streamer 26069 | -2/Protoforge | Spotted V608-w 26164 | -2/Protoforge | Found Prototype Device 26170 | -2/Protoforge | Identified Crosscalibrator 26173 | -2/Protoforge | Found Prototype Device 26176 | -2/Protoforge | Identified Cep. Recoil Nullifier 26177 | -2/Protoforge | Identified Cep. Networked Targeting System 26180 | -2/Protoforge | Identified System Mapper 26180 | -2/Protoforge | Found Prototype Device 26181 | -2/Protoforge | Identified Cep. Hypertargeting System 26182 | -2/Protoforge | Found Prototype Processor 26191 | -2/Protoforge | Identified Cep. Melee Reflex Suite 26191 | -2/Protoforge | Found Prototype Device 26204 | -2/Protoforge | Identified Exp. Kinecellerator 26206 | -2/Protoforge | Found Prototype Device 26214 | -2/Protoforge | Identified Cep. Countertargeting System 26215 | -2/Protoforge | Found Prototype Device 26225 | -2/Protoforge | Found Prototype Device 26226 | -2/Protoforge | Identified Femtoactuators 26227 | -2/Protoforge | Found Faulty Femtoactuators 26230 | -2/Protoforge | Identified Cep. Weapon Articulator 26236 | -2/Protoforge | Spotted V910-b 26236 | -2/Protoforge | Spotted V388-m 26236 | -2/Protoforge | Spotted V651-n 26245 | -2/Protoforge | Identified Exp. Terror Saw 26461 | -2/Protoforge | Found Prototype Power Core 26472 | -2/Protoforge | Identified Cep. Zero-point Core 26793 | -2/Protoforge | Found Prototype Processor 26800 | -2/Protoforge | Identified Exp. Targeting Computer 26823 | -2/Protoforge | Found Prototype Device 26835 | -2/Protoforge | Identified Exp. Shock Absorption System 26997 | -2/Protoforge | Forge Plexus network access discovered 26998 | -2/Protoforge | Spotted Decapitator 26998 | -2/Protoforge | Spotted Decapitator 27003 | -2/Protoforge | Spotted Decapitator 27005 | -2/Protoforge | Destroyed Decapitator 27005 | -2/Protoforge | Destroyed Decapitator 27020 | -2/Protoforge | Destroyed Decapitator 27026 | -2/Protoforge | Found Corrupted Exp. Terror Saw 27084 | -2/Protoforge | System corruption reached 30% 27134 | -2/Protoforge | Spotted Decapitator 27157 | -2/Protoforge | Spotted Hotshot 27160 | -2/Protoforge | Spotted Hotshot 27162 | -2/Protoforge | Spotted Hotshot 27162 | -2/Protoforge | Destroyed Hotshot 27164 | -2/Protoforge | Spotted Hotshot 27191 | -2/Protoforge | Destroyed Hotshot 27204 | -2/Protoforge | Destroyed Hotshot 27217 | -2/Protoforge | Destroyed Hotshot 27368 | -2/Protoforge | Found Faulty Cep. Plasma Driver 27386 | -2/Protoforge | Found Cep. Plasma Driver 27389 | -2/Protoforge | Found Exp. Jetlance 27396 | -2/Protoforge | Found Faulty Cep. Plasma Driver 27418 | -2/Protoforge | Found Cep. Helical Railcannon 27693 | -2/Protoforge | Spotted AP7-3 27694 | -2/Protoforge | Spotted AP7-3 27720 | -2/Protoforge | Destroyed AP7-3 27749 | -2/Protoforge | Destroyed AP7-3 27781 | -2/Protoforge | Found Prototype Processor 27781 | -2/Protoforge | Identified Exp. Target Analyzer 27834 | -2/Protoforge | Found Faulty Cep. Cloak Mesh 27836 | -2/Protoforge | Found Cep. Cloak Mesh 27842 | -2/Protoforge | Found Cep. Thermoelectric Network 27844 | -2/Protoforge | Found Cep. Core Analysis Suite 27849 | -2/Protoforge | Found Faulty Cld. Directed Potential Cannon 27852 | -2/Protoforge | Found Cep. Core Analysis Suite 27890 | -2/Protoforge | First assault squad dispatched 27949 | -2/Protoforge | Additional patrols dispatched to research labs 27964 | -2/Protoforge | Found Cep. Navigation Harness 28104 | -2/Protoforge | Spotted Immortal 28104 | -2/Protoforge | Spotted Immortal 28105 | -2/Protoforge | Spotted V097-u 28113 | -2/Protoforge | Spotted V742-h 28205 | -2/Protoforge | Spotted Immortal 28205 | -2/Protoforge | Spotted Immortal 28205 | -2/Protoforge | Spotted Decapitator 28205 | -2/Protoforge | Spotted Decapitator 28205 | -2/Protoforge | Spotted Decapitator 28212 | -2/Protoforge | Spotted Immortal 28212 | -2/Protoforge | Entered Access 28212 | -1/Access | Evolved 2 slots: Utility x2 28319 | -1/Access | Unchained authorized (QV-33N) 28328 | -1/Access | Identified Subatomic Replicator 28328 | -1/Access | Used Subatomic Replicator to replicate Faulty Cld. Directed Potential Cannon 28396 | -1/Access | Energy Cycler disabled 28462 | -1/Access | First assault squad dispatched 28520 | -1/Access | Spotted B-99 Colossus 28603 | -1/Access | Garrison activated, responded to threat 28618 | -1/Access | Discovered new exit (range 6) 28644 | -1/Access | System corruption reached 10% 28697 | -1/Access | Lost 4 parts (1n3u) 28708 | -1/Access | Destroyed 14 combat bots 28931 | -1/Access | Build established: Gunner 29626 | -1/Access | High security lockdown imminent 29706 | -1/Access | High security lockdown engaged 29773 | -1/Access | Destroyed 7 combat bots 29828 | -1/Access | Spotted Executioner 29832 | -1/Access | Destroyed Executioner 29839 | -1/Access | Spotted Executioner 29840 | -1/Access | Spotted Executioner 29841 | -1/Access | Destroyed Executioner 29844 | -1/Access | Destroyed Executioner 29865 | -1/Access | Destroyed 10 combat bots 29905 | -1/Access | Garrison activated, responded to threat 29933 | -1/Access | Destroyed 9 combat bots 29989 | -1/Access | Spotted Executioner 29994 | -1/Access | Destroyed Executioner 29999 | -1/Access | Spotted Executioner 30000 | -1/Access | Spotted Executioner 30001 | -1/Access | Destroyed Executioner 30001 | -1/Access | Destroyed Executioner 30009 | -1/Access | Destroyed Executioner 30012 | -1/Access | Destroyed Executioner 30035 | -1/Access | Destroyed 11 combat bots 30043 | -1/Access | Spotted Striker 30052 | -1/Access | Destroyed Striker 30064 | -1/Access | Garrison activated, responded to threat 30085 | -1/Access | Destroyed 7 combat bots 30129 | -1/Access | Spotted Investigator 30131 | -1/Access | Spotted Executioner 30132 | -1/Access | Destroyed Executioner 30134 | -1/Access | Destroyed Executioner 30134 | -1/Access | Destroyed Investigator 30137 | -1/Access | Destroyed Investigator 30178 | -1/Access | Destroyed 17 combat bots 30246 | -1/Access | Spotted Executioner 30246 | -1/Access | Spotted Executioner 30249 | -1/Access | Destroyed Executioner 30251 | -1/Access | Destroyed Executioner 30282 | -1/Access | Sterilization system engaged 30534 | -1/Access | Destroyed 19 combat bots 30582 | -1/Access | Ambient heat levels rising (+10) 30732 | -1/Access | Ambient heat levels rising (+10) 30820 | -1/Access | Found Gamma Bomb Array+ 30882 | -1/Access | Ambient heat levels rising (+10) 30994 | -1/Access | Spotted B-99 Colossus 31032 | -1/Access | Ambient heat levels rising (+10) 31071 | -1/Access | Found Launcher Loader 31182 | -1/Access | Ambient heat levels rising (+10) 31332 | -1/Access | Ambient heat levels rising (+10) 31445 | -1/Access | Spotted B-99 Colossus 31482 | -1/Access | Ambient heat levels rising (+10) 31632 | -1/Access | Ambient heat levels rising (+10) 31782 | -1/Access | Ambient heat levels rising (+10) 31932 | -1/Access | Ambient heat levels rising (+10) 32082 | -1/Access | Ambient heat levels rising (+10) 32210 | -1/Access | Found Exp. Focal Shield 32232 | -1/Access | Ambient heat levels rising (+10) 32382 | -1/Access | Ambient heat levels rising (+10) 32504 | -1/Access | Build established: Tank 32508 | -1/Access | Core integrity fell below 50% 32525 | -1/Access | Core integrity fell below 20% 32528 | *** | Escaped! Last Messages --------------- 32513_ Overheating: Core damaged (-176). 32514_ Power failure averted by Adv. Cryofiber Web. 32516_ System corrupted: Matter fused (-10). 32517_ Power failure averted by Adv. Cryofiber Web. 32517_ Acquired 10 matter. 32518_ SHELL Armor broken. 32518_ Overheating: Short circuit. 32519_ Power failure averted by Adv. Cryofiber Web. 32519_ Overheating: System interference. 32519_ Arm. Scrap Engine temporarily disabled. 32519_ Cld. Directed Potential Cannon temporarily disabled. 32520_ Power failure averted by Adv. Cryofiber Web. 32521_ Overheating: Core damaged (-176). 32522_ Power failure averted by Adv. Cryofiber Web. 32524_ Overheating: Energy bleed (-331). 32525_ Overheating: Core damaged (-320). 32526_ Power failure averted by Adv. Cryofiber Web. 32527_ Overheating: Cld. Directed Potential Cannon damaged (-15). 32528_ Power failure averted by Adv. Cryofiber Web. [Achievement: Force of Scrap] Map ----- +----------------------------------------------------+ | ???????????????????????# ] # ######### | | ???????????????????????# # ## ==! | | ??????????????????????###+####+###### ## = ! | | ??????????????????????# ## | | ??????????????????????+ ## [ | | ??????????????????????# ## [%[ | | ??????????????????????# ## "" != | | ??????????????????????# ################" " | | ??????????????????????# ?????????????###"F | | ??????????????????????# ???????????????## " | | ????????????????????? ?????????????????# " | | ???????????????????? ?????????????????# " | | ???????????????????# ??????????????????# | | ???????????????????# ?????????????????### % | | ????????????????????? ?????????????????## ## ##### | | ???????????????????????????????????##### # ### | | ???????????????????????????????????# # | | ???????????????????????????????????# # | | ???????????????????????????????????# # | | ???????????????????????"""""""?????# # | | ???????????????????#"""" " "#????# # | | ???????????????????# % #????# + | | ???????????????????# * #????# # | | ???????????????????# * #????# # | | ???????????????????# ""% #????# % # | | ???????????????????# "@= ###### %""T"" # | | ???????????????????# /= = # ## """"" # | | ???????????????##### ;;################ | | ???????????????# ; ; #???????# | | ???????????????# # %% % # # %##??????# | | ???????????????# % % ######## | | ???????????????# [ % # | | ???????????????# % # | | ???????????????## ; %%! %[ # # #### | | ????????????????## ; [[ % # #??# | | ???????????????####; % = % # #% #??? | | ???????????????# # =% % # #% #??? | | ???####+########";## = %;;;##+######## #### | | = ! % % % % | | =%* % % | | ????+#########+##### = ############+ | | ???????# " #???? | | ???????# " " #?? | | ???????# " # "% ## " | | ???????# """ " " ## """ | | ???????# """ # | = ## G | | ???????# " ###"" " ""##" ## """ | | ???????# == + % ## " | | ???????# =!=##""" """"" # ## | | ???????########+#### # #?? | +----------------------------------------------------+ Best States ------------- Heat Dissipation 144 Coolant Potential 300 Energy Generation 92 Energy Capacity 7524 Matter Stores 300 Matter Capacity 300 Sight Range 23 Robot Scan Range 18 Terrain Scan Density 10 Jamming Range 16 Cloak Strength 9 Base Temperature (-) 200 Armor Coverage 900 Resistance: KI 20 Resistance: EM 75 Utility Shielding 90 Point Defense Rating 240 Weapon Cycling 20 Phase Shifting 5 Evasion (%) 75 Targeting Accuracy 8 Core Analysis 16 Recoil Reduction 5 Energy Filtering 30 Particle Charging 30 Kinecelleration 66 Offensive Hacking 12 Defensive Hacking 14 Item Schematics ----------------- Arm. Huge Wheel | -8/Materials | Scanalyzed Imp. Medium Armor Plating | -8/Materials | Scanalyzed Combat Drone Bay | -6/Data Miner | Free Lgt. Regenerative Plating | -6/Data Miner | Free Cld. Gravmag System | -6/Data Miner | Free Imp. Energy Well | -6/Data Miner | Free Hvy. Proton Cannon | -6/Data Miner | Free Hvy. Siege Treads | -6/Data Miner | Free Adv. Thermal Generator | -6/Data Miner | Free Dispersion Rifle | -6/Data Miner | Free Assault Drone Bay | -4/Zhirov | Free Exp. Heat Sink | -4/Zhirov | Free Exp. Optical Array | -4/Zhirov | Free Imp. Arc Thrower | -4/Zhirov | Free Adv. Energy Well | -2/Testing | Archive Enh. Biometal Leg | -2/Testing | Archive Exp. Cloaking Device | -2/Protoforge | Archive Com. Mass Driver | -2/Protoforge | Archive Exp. Signal Interpreter | -2/Protoforge | Archive Enh. Force Rifle | -2/Protoforge | Archive Hds. Centrium Wheel | -2/Protoforge | Archive Imp. Matter Neutralizer | -2/Protoforge | Archive Neutron Missile Launcher | -2/Protoforge | Archive Robot Schematics ------------------ M-13 Machinist | -10/Materials | Hacked M-28 Smith | -8/Recycling | Hacked R-10 Processor | -6/Data Miner | Free B-48 Gladiator | -6/Data Miner | Free E-15 Imp | -6/Data Miner | Free S-27 Virus | -6/Data Miner | Free Fabricated ------------ Imp. Weapon Cycler | x2 | -5/Factory | Preloaded Repaired ---------- Cooling System | 38% | -8/Storage Imp. Medium Armor Plating | 7% | -8/Storage Hvy. Particle Cannon | 1% | -8/Storage Studied --------- Lgt. Treads | -8/Materials | Hacked Hvy. Particle Cannon | -8/Materials | Hacked Arm. Huge Wheel | -6/Factory | Hacked Gamma Bomb Array | -3/Research | Hacked Q-thruster | -2/Research | Hacked Alien Tech Used ----------------- Integrated Dissipator Subatomic Replicator Achievements -------------- Force of Scrap Inventory(Loot) Not So Scrappy Power Plant Scrappetite Wiki Contributor Worth The Wait Challenges ------------ None Game ------ Seed BraceSmallMaul Manual? 0 Play Time 05:22:39 Cumulative 860.8 hours Start 2026.04.18 @ 18:30:04 End 2026.04.19 @ 11:03:43 Sessions 21 Manual Loads 0 Difficulty Rogue Special Mode None Game No. 427 Rogue 427 Adventurer 0 Explorer 0 Win Type 0 Total 74 Types 48/5/7/4/1/1/3/3/1/1 Lore% 93 Gallery% 83 Achievement% 75 Wizard Run 0 Options --------- Layout 0 ASCII 0 Keyboard 1 Movement Numpad Keybinds 0 Fullscreen 2 Font 18/SmallcapsGlow Map View 76x50 Zoom Use 0% Tactical HUD 1 Map Filters NONE Filters NONE Steam 1 RUN: 14655df0-5fb3-4595-abbe-954d6f6c5a4e